Workbook

Sheet Guide
B2: FY2027 Budget and Forecast Model
B3: Larkfield Community Partners. Builds next year's budget from positions, program costs, revenue sources, and a probability-weighted grant pipeline.
B4: Sample data. All names, organizations, and figures are fictional.
B6: How the model is organized
B7: Settings holds every assumption for the three scenarios. The yellow cell picks which scenario the rest of the model shows.
B8: Personnel lists each position with its FTE, current rate, start month, and how its cost is split across programs and support functions.
B9: Non-Personnel holds base-year costs by program. Each line is marked Fixed, Inflation, Volume, or Volume and inflation, which decides how it changes by scenario.
B10: Grant Pipeline weights each foundation and corporate request by its stage and counts only the part of each grant that falls in FY2027.
B11: Revenue builds each source from the FY2026 projection, contract awards, the pipeline, and the event plan.
B12: Summary shows the scenario chosen, expenses by function, revenue against FY2026, and all three scenarios side by side.
B13: Monthly Spread turns the annual budget into monthly amounts for QuickBooks and shows the months when the budget runs a deficit.
B14: What the scenarios mean
... B20: Model checks
B21: Every position's allocation adds to 100% | C21: =IF(COUNTIF(Personnel!T6:T54,"Fix")=0,"OK","Check") -> OK
B22: Personnel by function agrees to the position total | C22: =IF(Personnel!D66="Agrees","OK","Check") -> OK
B23: Non-personnel by function agrees to the scenario total | C23: =IF('Non-Personnel'!G40="Agrees","OK","Check") -> OK
B24: Summary agrees to the side-by-side scenario table | C24: =IF(Summary!D35="Agrees","OK","Check") -> OK
B25: Monthly patterns each add to 100% | C25: =IF(COUNTIF('Monthly Spread'!O6:O29,"Fix")=0,"OK","Check") -> OK

Sheet Summary
A1: FY2027 Budget Summary
A2: ="Scenario shown: "&Scenario&". Change the scenario on the Settings sheet." -> Scenario shown: Base. Change the scenario on the Settings sheet.
A3: Sample data. All names, organizations, and figures are fictional.
A5: Total revenue and support | C5: Total expenses | E5: Surplus (deficit) | G5: Program share of expenses
A6: =Revenue!G18 -> 4265023.8 | C6: =Personnel!N55+'Non-Personnel'!L20 -> 4232793.3 | E6: =A6-C6 -> 32230.515 | G6: =SUM(D10:D12)/D15 -> 0.77475048
A8: Expenses by function
A9: Function | B9: Personnel | C9: Non-personnel | D9: Total | E9: Share
A10: Housing Stability | B10: =Personnel!D60 -> 811246.19 | C10: ='Non-Personnel'!B39 -> 716290.92 | D10: =B10+C10 -> 1527537.1 | E10: =IF($D$15=0,0,D10/$D$15) -> 0.36088158
A11: Workforce Pathways | B11: =Personnel!D61 -> 559692.73 | C11: ='Non-Personnel'!C39 -> 208369.46 | D11: =B11+C11 -> 768062.2 | E11: =IF($D$15=0,0,D11/$D$15) -> 0.18145516
A12: Senior Connections | B12: =Personnel!D62 -> 597536.42 | C12: ='Non-Personnel'!D39 -> 386222.89 | D12: =B12+C12 -> 983759.3 | E12: =IF($D$15=0,0,D12/$D$15) -> 0.23241374
A13: Management and General | B13: =Personnel!D63 -> 454995.93 | C13: ='Non-Personnel'!E39 -> 148850.43 | D13: =B13+C13 -> 603846.36 | E13: =IF($D$15=0,0,D13/$D$15) -> 0.14265907
A14: Fundraising | B14: =Personnel!D64 -> 263217 | C14: ='Non-Personnel'!F39 -> 86371.304 | D14: =B14+C14 -> 349588.3 | E14: =IF($D$15=0,0,D14/$D$15) -> 0.08259045
A15: Total expenses | B15: =SUM(B10:B14) -> 2686688.3 | C15: =SUM(C10:C14) -> 1546105 | D15: =SUM(D10:D14) -> 4232793.3 | E15: =SUM(E10:E14) -> 1
A17: Revenue by source
A18: Source | B18: FY2026 projected | C18: FY2027 budget | D18: Change
A19: Contributions | B19: =Revenue!C6+Revenue!C7 -> 902962 | C19: =Revenue!G6+Revenue!G7 -> 936917.4 | D19: =C19-B19 -> 33955.4
A20: Foundation and corporate grants | B20: =Revenue!C8+Revenue!C9 -> 655635 | C20: =Revenue!G8+Revenue!G9 -> 653333.33 | D20: =C20-B20 -> -2301.6667
A21: Government grants | B21: =Revenue!C10+Revenue!C11+Revenue!C12 -> 2069854 | C21: =Revenue!G10+Revenue!G11+Revenue!G12 -> 2110000 | D21: =C21-B21 -> 40146
A22: Program fees | B22: =Revenue!C13+Revenue!C14 -> 302641 | C22: =Revenue!G13+Revenue!G14 -> 317773.05 | D22: =C22-B22 -> 15132.05
A23: Spring Benefit, net | B23: =Revenue!C15+Revenue!C16 -> 182250 | C23: =Revenue!G15+Revenue!G16 -> 203000 | D23: =C23-B23 -> 20750
A24: Investment and other | B24: =Revenue!C17 -> 40112 | C24: =Revenue!G17 -> 44000 | D24: =C24-B24 -> 3888
A25: Total | B25: =SUM(B19:B24) -> 4153454 | C25: =SUM(C19:C24) -> 4265023.8 | D25: =SUM(D19:D24) -> 111569.78
A27: All three scenarios side by side
B28: Base | C28: Conservative | D28: Growth
A29: Revenue and support | B29: =Revenue!D18 -> 4265023.8 | C29: =Revenue!E18 -> 3969921.3 | D29: =Revenue!F18 -> 4465927.9
A30: Personnel | B30: =Personnel!U55 -> 2686688.3 | C30: =Personnel!V55 -> 2590624.9 | D30: =Personnel!W55 -> 2811115
A31: Non-personnel | B31: ='Non-Personnel'!N20 -> 1546105 | C31: ='Non-Personnel'!O20 -> 1490596.8 | D31: ='Non-Personnel'!P20 -> 1640998.6
A32: Total expenses | B32: =B30+B31 -> 4232793.3 | C32: =C30+C31 -> 4081221.7 | D32: =D30+D31 -> 4452113.6
A33: Surplus (deficit) | B33: =B29-B32 -> 32230.515 | C33: =C29-C32 -> -111300.41 | D33: =D29-D32 -> 13814.323
A34: Operating margin | B34: =IF(B29=0,0,B33/B29) -> 0.0075569368 | C34: =IF(C29=0,0,C33/C29) -> -0.028035924 | D34: =IF(D29=0,0,D33/D29) -> 0.0030932704
A35: Check: scenario shown agrees to the side-by-side table | D35: =IF(ABS(INDEX(B33:D33,ScenNo)-E6)<1,"Agrees","Does not agree") -> Agrees

Sheet Settings
A1: Settings and Scenario Assumptions
A2: Pick a scenario in the yellow cell. Every sheet in the model recalculates for that scenario.
A3: Sample data. All names, organizations, and figures are fictional.
B5: Organization | C5: Larkfield Community Partners
B6: Budget year | C6: FY2027 (July 1, 2026 to June 30, 2027)
B8: Scenario shown in the model | C8: Base
B9: Scenario number | C9: =MATCH(C8,$C$12:$E$12,0) -> 1
B12: Assumption | C12: Base | D12: Conservative | E12: Growth | F12: Shown now | G12: Notes
B13: Salary increase for current staff | C13: 0.03 | D13: 0.02 | E13: 0.035 | F13: =INDEX(C13:E13,ScenNo) -> 0.03 | G13: Applied to every position's current annual rate.
B14: Benefits rate, full-time staff (percent of salary) | C14: 0.185 | D14: 0.195 | E14: 0.185 | F14: =INDEX(C14:E14,ScenNo) -> 0.185 | G14: Health, dental, life, and retirement match. Conservative assumes a larger premium increase.
B15: Benefits rate, part-time staff | C15: 0.02 | D15: 0.02 | E15: 0.02 | F15: =INDEX(C15:E15,ScenNo) -> 0.02 | G15: Retirement match only.
B16: Employer payroll tax rate | C16: 0.079 | D16: 0.079 | E16: 0.079 | F16: =INDEX(C16:E16,ScenNo) -> 0.079 | G16: Based on FY2026 actual payroll taxes as a share of salaries.
B17: Vacancy and turnover factor | C17: 0.02 | D17: 0.03 | E17: 0.015 | F17: =INDEX(C17:E17,ScenNo) -> 0.02 | G17: Share of salary expected to go unspent while positions are open.
B18: Non-personnel cost inflation | C18: 0.03 | D18: 0.04 | E18: 0.03 | F18: =INDEX(C18:E18,ScenNo) -> 0.03 | G18: Applied to lines marked Inflation.
B19: Client assistance volume | C19: 1 | D19: 0.92 | E19: 1.12 | F19: =INDEX(C19:E19,ScenNo) -> 1 | G19: Rental, utility, and meal volume compared with the base plan.
B20: Individual giving growth over FY2026 | C20: 0.04 | D20: -0.03 | E20: 0.08 | F20: =INDEX(C20:E20,ScenNo) -> 0.04
B21: Corporate giving growth over FY2026 | C21: 0.03 | D21: -0.05 | E21: 0.06 | F21: =INDEX(C21:E21,ScenNo) -> 0.03
B22: Government contract change at renewal | C22: 0 | D22: -0.05 | E22: 0.04 | F22: =INDEX(C22:E22,ScenNo) -> 0 | G22: Applied to all three government contracts.
B23: Program fee growth | C23: 0.05 | D23: 0 | E23: 0.1 | F23: =INDEX(C23:E23,ScenNo) -> 0.05 | G23: Certification course and senior program fees.
B24: Spring Benefit gross revenue | C24: 290000 | D24: 255000 | E24: 320000 | F24: =INDEX(C24:E24,ScenNo) -> 290000
B25: Spring Benefit direct costs (percent of gross) | C25: 0.3 | D25: 0.32 | E25: 0.3 | F25: =INDEX(C25:E25,ScenNo) -> 0.3 | G25: Meals and venue, shown as a reduction of event revenue.
B26: Investment return and other income | C26: 44000 | D26: 30000 | E26: 48000 | F26: =INDEX(C26:E26,ScenNo) -> 44000
B27: Probability: awarded | C27: 1 | D27: 1 | E27: 1 | F27: =INDEX(C27:E27,ScenNo) -> 1 | G27: Grant pipeline stage weights. | H27: Awarded
B28: Probability: renewal likely | C28: 0.9 | D28: 0.8 | E28: 0.95 | F28: =INDEX(C28:E28,ScenNo) -> 0.9 | H28: Renewal likely
B29: Probability: submitted | C29: 0.5 | D29: 0.35 | E29: 0.6 | F29: =INDEX(C29:E29,ScenNo) -> 0.5 | H29: Submitted
B30: Probability: prospect | C30: 0.2 | D30: 0.1 | E30: 0.3 | F30: =INDEX(C30:E30,ScenNo) -> 0.2 | H30: Prospect

Sheet Personnel
A1: Personnel Budget by Position
A2: One row per position. Salary, benefits, and taxes follow the scenario. Allocation percentages spread each position across programs and support functions.
A3: Sample data. All names, organizations, and figures are fictional.
A5: Position | B5: Home program | C5: Status | D5: Type | E5: FTE | F5: Current annual rate (1.0 FTE) | G5: Start month (1 = July) | H5: Included in | I5: Months budgeted | J5: In this scenario | K5: Salary | L5: Benefits | M5: Payroll taxes | N5: Total cost | O5: Housing | P5: Workforce | Q5: Senior | R5: Mgmt and general | S5: Fund-raising | T5: Check | U5: Total: Base | V5: Total: Conservative | W5: Total: Growth
A6: Executive Director | B6: Management and General | C6: Filled | D6: Full-time | E6: 1 | F6: 124000 | G6: 1 | H6: All | I6: =13-G6 -> 12 | J6: =IF($H6="All",1,IF($H6="Growth only",IF(ScenNo=3,1,0),IF($H6="Not in Conservative",IF(ScenNo=2,0,1),1))) -> 1 | K6: =$F6*$E6*(1+INDEX(Raise,ScenNo))*$I6/12*$J6*(1-INDEX(Vacancy,ScenNo)) -> 125165.6 | L6: =K6*IF($D6="Full-time",INDEX(BenFT,ScenNo),INDEX(BenPT,ScenNo)) -> 23155.636 | M6: =K6*INDEX(TaxRate,ScenNo) -> 9888.0824 | N6: =SUM(K6:M6) -> 158209.32 | O6: 0.04 | P6: 0.03 | Q6: 0.03 | R6: 0.7 | S6: 0.2 | T6: =IF(ROUND(SUM(O6:S6),4)=1,"OK","Fix") -> OK | U6: =$F6*$E6*(1+INDEX(Raise,1))*$I6/12*IF($H6="All",1,IF($H6="Growth only",IF(1=3,1,0),IF($H6="Not in Conservative",IF(1=2,0,1),1)))*(1-INDEX(Vacancy,1))*(1+IF($D6="Full-time",INDEX(BenFT,1),INDEX(BenPT,1))+INDEX(TaxRate,1)) -> 158209.32 | V6: =$F6*$E6*(1+INDEX(Raise,2))*$I6/12*IF($H6="All",1,IF($H6="Growth only",IF(2=3,1,0),IF($H6="Not in Conservative",IF(2=2,0,1),1)))*(1-INDEX(Vacancy,2))*(1+IF($D6="Full-time",INDEX(BenFT,2),INDEX(BenPT,2))+INDEX(TaxRate,2)) -> 156301.45 | W6: =$F6*$E6*(1+INDEX(Raise,3))*$I6/12*IF($H6="All",1,IF($H6="Growth only",IF(3=3,1,0),IF($H6="Not in Conservative",IF(3=2,0,1),1)))*(1-INDEX(Vacancy,3))*(1+IF($D6="Full-time",INDEX(BenFT,3),INDEX(BenPT,3))+INDEX(TaxRate,3)) -> 159788.43
A7: Finance Director | B7: Management and General | C7: Filled | D7: Full-time | E7: 1 | F7: 88000 | G7: 1 | H7: All | I7: =13-G7 -> 12 | J7: =IF($H7="All",1,IF($H7="Growth only",IF(ScenNo=3,1,0),IF($H7="Not in Conservative",IF(ScenNo=2,0,1),1))) -> 1 | K7: =$F7*$E7*(1+INDEX(Raise,ScenNo))*$I7/12*$J7*(1-INDEX(Vacancy,ScenNo)) -> 88827.2 | L7: =K7*IF($D7="Full-time",INDEX(BenFT,ScenNo),INDEX(BenPT,ScenNo)) -> 16433.032 | M7: =K7*INDEX(TaxRate,ScenNo) -> 7017.3488 | N7: =SUM(K7:M7) -> 112277.58 | R7: 1 | T7: =IF(ROUND(SUM(O7:S7),4)=1,"OK","Fix") -> OK | U7: =$F7*$E7*(1+INDEX(Raise,1))*$I7/12*IF($H7="All",1,IF($H7="Growth only",IF(1=3,1,0),IF($H7="Not in Conservative",IF(1=2,0,1),1)))*(1-INDEX(Vacancy,1))*(1+IF($D7="Full-time",INDEX(BenFT,1),INDEX(BenPT,1))+INDEX(TaxRate,1)) -> 112277.58 | V7: =$F7*$E7*(1+INDEX(Raise,2))*$I7/12*IF($H7="All",1,IF($H7="Growth only",IF(2=3,1,0),IF($H7="Not in Conservative",IF(2=2,0,1),1)))*(1-INDEX(Vacancy,2))*(1+IF($D7="Full-time",INDEX(BenFT,2),INDEX(BenPT,2))+INDEX(TaxRate,2)) -> 110923.61 | W7: =$F7*$E7*(1+INDEX(Raise,3))*$I7/12*IF($H7="All",1,IF($H7="Growth only",IF(3=3,1,0),IF($H7="Not in Conservative",IF(3=2,0,1),1)))*(1-INDEX(Vacancy,3))*(1+IF($D7="Full-time",INDEX(BenFT,3),INDEX(BenPT,3))+INDEX(TaxRate,3)) -> 113398.24
A8: Bookkeeper | B8: Management and General | C8: Filled | D8: Part-time | E8: 0.6 | F8: 54000 | G8: 1 | H8: All | I8: =13-G8 -> 12 | J8: =IF($H8="All",1,IF($H8="Growth only",IF(ScenNo=3,1,0),IF($H8="Not in Conservative",IF(ScenNo=2,0,1),1))) -> 1 | K8: =$F8*$E8*(1+INDEX(Raise,ScenNo))*$I8/12*$J8*(1-INDEX(Vacancy,ScenNo)) -> 32704.56 | L8: =K8*IF($D8="Full-time",INDEX(BenFT,ScenNo),INDEX(BenPT,ScenNo)) -> 654.0912 | M8: =K8*INDEX(TaxRate,ScenNo) -> 2583.6602 | N8: =SUM(K8:M8) -> 35942.311 | R8: 1 | T8: =IF(ROUND(SUM(O8:S8),4)=1,"OK","Fix") -> OK | U8: =$F8*$E8*(1+INDEX(Raise,1))*$I8/12*IF($H8="All",1,IF($H8="Growth only",IF(1=3,1,0),IF($H8="Not in Conservative",IF(1=2,0,1),1)))*(1-INDEX(Vacancy,1))*(1+IF($D8="Full-time",INDEX(BenFT,1),INDEX(BenPT,1))+INDEX(TaxRate,1)) -> 35942.311 | V8: =$F8*$E8*(1+INDEX(Raise,2))*$I8/12*IF($H8="All",1,IF($H8="Growth only",IF(2=3,1,0),IF($H8="Not in Conservative",IF(2=2,0,1),1)))*(1-INDEX(Vacancy,2))*(1+IF($D8="Full-time",INDEX(BenFT,2),INDEX(BenPT,2))+INDEX(TaxRate,2)) -> 35230.159 | W8: =$F8*$E8*(1+INDEX(Raise,3))*$I8/12*IF($H8="All",1,IF($H8="Growth only",IF(3=3,1,0),IF($H8="Not in Conservative",IF(3=2,0,1),1)))*(1-INDEX(Vacancy,3))*(1+IF($D8="Full-time",INDEX(BenFT,3),INDEX(BenPT,3))+INDEX(TaxRate,3)) -> 36301.058
A9: Office Manager | B9: Management and General | C9: Filled | D9: Full-time | E9: 1 | F9: 48500 | G9: 1 | H9: All | I9: =13-G9 -> 12 | J9: =IF($H9="All",1,IF($H9="Growth only",IF(ScenNo=3,1,0),IF($H9="Not in Conservative",IF(ScenNo=2,0,1),1))) -> 1 | K9: =$F9*$E9*(1+INDEX(Raise,ScenNo))*$I9/12*$J9*(1-INDEX(Vacancy,ScenNo)) -> 48955.9 | L9: =K9*IF($D9="Full-time",INDEX(BenFT,ScenNo),INDEX(BenPT,ScenNo)) -> 9056.8415 | M9: =K9*INDEX(TaxRate,ScenNo) -> 3867.5161 | N9: =SUM(K9:M9) -> 61880.258 | O9: 0.1 | Q9: 0.1 | R9: 0.8 | T9: =IF(ROUND(SUM(O9:S9),4)=1,"OK","Fix") -> OK | U9: =$F9*$E9*(1+INDEX(Raise,1))*$I9/12*IF($H9="All",1,IF($H9="Growth only",IF(1=3,1,0),IF($H9="Not in Conservative",IF(1=2,0,1),1)))*(1-INDEX(Vacancy,1))*(1+IF($D9="Full-time",INDEX(BenFT,1),INDEX(BenPT,1))+INDEX(TaxRate,1)) -> 61880.258 | V9: =$F9*$E9*(1+INDEX(Raise,2))*$I9/12*IF($H9="All",1,IF($H9="Growth only",IF(2=3,1,0),IF($H9="Not in Conservative",IF(2=2,0,1),1)))*(1-INDEX(Vacancy,2))*(1+IF($D9="Full-time",INDEX(BenFT,2),INDEX(BenPT,2))+INDEX(TaxRate,2)) -> 61134.037 | W9: =$F9*$E9*(1+INDEX(Raise,3))*$I9/12*IF($H9="All",1,IF($H9="Growth only",IF(3=3,1,0),IF($H9="Not in Conservative",IF(3=2,0,1),1)))*(1-INDEX(Vacancy,3))*(1+IF($D9="Full-time",INDEX(BenFT,3),INDEX(BenPT,3))+INDEX(TaxRate,3)) -> 62497.895
A10: Operations and HR Manager | B10: Management and General | C10: Filled | D10: Full-time | E10: 1 | F10: 61000 | G10: 1 | H10: All | I10: =13-G10 -> 12 | J10: =IF($H10="All",1,IF($H10="Growth only",IF(ScenNo=3,1,0),IF($H10="Not in Conservative",IF(ScenNo=2,0,1),1))) -> 1 | K10: =$F10*$E10*(1+INDEX(Raise,ScenNo))*$I10/12*$J10*(1-INDEX(Vacancy,ScenNo)) -> 61573.4 | L10: =K10*IF($D10="Full-time",INDEX(BenFT,ScenNo),INDEX(BenPT,ScenNo)) -> 11391.079 | M10: =K10*INDEX(TaxRate,ScenNo) -> 4864.2986 | N10: =SUM(K10:M10) -> 77828.778 | R10: 1 | T10: =IF(ROUND(SUM(O10:S10),4)=1,"OK","Fix") -> OK | U10: =$F10*$E10*(1+INDEX(Raise,1))*$I10/12*IF($H10="All",1,IF($H10="Growth only",IF(1=3,1,0),IF($H10="Not in Conservative",IF(1=2,0,1),1)))*(1-INDEX(Vacancy,1))*(1+IF($D10="Full-time",INDEX(BenFT,1),INDEX(BenPT,1))+INDEX(TaxRate,1)) -> 77828.778 | V10: =$F10*$E10*(1+INDEX(Raise,2))*$I10/12*IF($H10="All",1,IF($H10="Growth only",IF(2=3,1,0),IF($H10="Not in Conservative",IF(2=2,0,1),1)))*(1-INDEX(Vacancy,2))*(1+IF($D10="Full-time",INDEX(BenFT,2),INDEX(BenPT,2))+INDEX(TaxRate,2)) -> 76890.232 | W10: =$F10*$E10*(1+INDEX(Raise,3))*$I10/12*IF($H10="All",1,IF($H10="Growth only",IF(3=3,1,0),IF($H10="Not in Conservative",IF(3=2,0,1),1)))*(1-INDEX(Vacancy,3))*(1+IF($D10="Full-time",INDEX(BenFT,3),INDEX(BenPT,3))+INDEX(TaxRate,3)) -> 78605.6
A11: Data and Compliance Specialist | B11: Management and General | C11: Filled | D11: Full-time | E11: 1 | F11: 56000 | G11: 1 | H11: All | I11: =13-G11 -> 12 | J11: =IF($H11="All",1,IF($H11="Growth only",IF(ScenNo=3,1,0),IF($H11="Not in Conservative",IF(ScenNo=2,0,1),1))) -> 1 | K11: =$F11*$E11*(1+INDEX(Raise,ScenNo))*$I11/12*$J11*(1-INDEX(Vacancy,ScenNo)) -> 56526.4 | L11: =K11*IF($D11="Full-time",INDEX(BenFT,ScenNo),INDEX(BenPT,ScenNo)) -> 10457.384 | M11: =K11*INDEX(TaxRate,ScenNo) -> 4465.5856 | N11: =SUM(K11:M11) -> 71449.37 | O11: 0.4 | P11: 0.3 | Q11: 0.3 | T11: =IF(ROUND(SUM(O11:S11),4)=1,"OK","Fix") -> OK | U11: =$F11*$E11*(1+INDEX(Raise,1))*$I11/12*IF($H11="All",1,IF($H11="Growth only",IF(1=3,1,0),IF($H11="Not in Conservative",IF(1=2,0,1),1)))*(1-INDEX(Vacancy,1))*(1+IF($D11="Full-time",INDEX(BenFT,1),INDEX(BenPT,1))+INDEX(TaxRate,1)) -> 71449.37 | V11: =$F11*$E11*(1+INDEX(Raise,2))*$I11/12*IF($H11="All",1,IF($H11="Growth only",IF(2=3,1,0),IF($H11="Not in Conservative",IF(2=2,0,1),1)))*(1-INDEX(Vacancy,2))*(1+IF($D11="Full-time",INDEX(BenFT,2),INDEX(BenPT,2))+INDEX(TaxRate,2)) -> 70587.754 | W11: =$F11*$E11*(1+INDEX(Raise,3))*$I11/12*IF($H11="All",1,IF($H11="Growth only",IF(3=3,1,0),IF($H11="Not in Conservative",IF(3=2,0,1),1)))*(1-INDEX(Vacancy,3))*(1+IF($D11="Full-time",INDEX(BenFT,3),INDEX(BenPT,3))+INDEX(TaxRate,3)) -> 72162.518
A12: Facilities and IT Coordinator | B12: Management and General | C12: Filled | D12: Full-time | E12: 1 | F12: 50000 | G12: 1 | H12: All | I12: =13-G12 -> 12 | J12: =IF($H12="All",1,IF($H12="Growth only",IF(ScenNo=3,1,0),IF($H12="Not in Conservative",IF(ScenNo=2,0,1),1))) -> 1 | K12: =$F12*$E12*(1+INDEX(Raise,ScenNo))*$I12/12*$J12*(1-INDEX(Vacancy,ScenNo)) -> 50470 | L12: =K12*IF($D12="Full-time",INDEX(BenFT,ScenNo),INDEX(BenPT,ScenNo)) -> 9336.95 | M12: =K12*INDEX(TaxRate,ScenNo) -> 3987.13 | N12: =SUM(K12:M12) -> 63794.08 | O12: 0.25 | P12: 0.15 | Q12: 0.2 | R12: 0.4 | T12: =IF(ROUND(SUM(O12:S12),4)=1,"OK","Fix") -> OK | U12: =$F12*$E12*(1+INDEX(Raise,1))*$I12/12*IF($H12="All",1,IF($H12="Growth only",IF(1=3,1,0),IF($H12="Not in Conservative",IF(1=2,0,1),1)))*(1-INDEX(Vacancy,1))*(1+IF($D12="Full-time",INDEX(BenFT,1),INDEX(BenPT,1))+INDEX(TaxRate,1)) -> 63794.08 | V12: =$F12*$E12*(1+INDEX(Raise,2))*$I12/12*IF($H12="All",1,IF($H12="Growth only",IF(2=3,1,0),IF($H12="Not in Conservative",IF(2=2,0,1),1)))*(1-INDEX(Vacancy,2))*(1+IF($D12="Full-time",INDEX(BenFT,2),INDEX(BenPT,2))+INDEX(TaxRate,2)) -> 63024.78 | W12: =$F12*$E12*(1+INDEX(Raise,3))*$I12/12*IF($H12="All",1,IF($H12="Growth only",IF(3=3,1,0),IF($H12="Not in Conservative",IF(3=2,0,1),1)))*(1-INDEX(Vacancy,3))*(1+IF($D12="Full-time",INDEX(BenFT,3),INDEX(BenPT,3))+INDEX(TaxRate,3)) -> 64430.82
A13: Grants Manager | B13: Fundraising | C13: Filled | D13: Full-time | E13: 1 | F13: 62000 | G13: 1 | H13: All | I13: =13-G13 -> 12 | J13: =IF($H13="All",1,IF($H13="Growth only",IF(ScenNo=3,1,0),IF($H13="Not in Conservative",IF(ScenNo=2,0,1),1))) -> 1 | K13: =$F13*$E13*(1+INDEX(Raise,ScenNo))*$I13/12*$J13*(1-INDEX(Vacancy,ScenNo)) -> 62582.8 | L13: =K13*IF($D13="Full-time",INDEX(BenFT,ScenNo),INDEX(BenPT,ScenNo)) -> 11577.818 | M13: =K13*INDEX(TaxRate,ScenNo) -> 4944.0412 | N13: =SUM(K13:M13) -> 79104.659 | R13: 0.4 | S13: 0.6 | T13: =IF(ROUND(SUM(O13:S13),4)=1,"OK","Fix") -> OK | U13: =$F13*$E13*(1+INDEX(Raise,1))*$I13/12*IF($H13="All",1,IF($H13="Growth only",IF(1=3,1,0),IF($H13="Not in Conservative",IF(1=2,0,1),1)))*(1-INDEX(Vacancy,1))*(1+IF($D13="Full-time",INDEX(BenFT,1),INDEX(BenPT,1))+INDEX(TaxRate,1)) -> 79104.659 | V13: =$F13*$E13*(1+INDEX(Raise,2))*$I13/12*IF($H13="All",1,IF($H13="Growth only",IF(2=3,1,0),IF($H13="Not in Conservative",IF(2=2,0,1),1)))*(1-INDEX(Vacancy,2))*(1+IF($D13="Full-time",INDEX(BenFT,2),INDEX(BenPT,2))+INDEX(TaxRate,2)) -> 78150.727 | W13: =$F13*$E13*(1+INDEX(Raise,3))*$I13/12*IF($H13="All",1,IF($H13="Growth only",IF(3=3,1,0),IF($H13="Not in Conservative",IF(3=2,0,1),1)))*(1-INDEX(Vacancy,3))*(1+IF($D13="Full-time",INDEX(BenFT,3),INDEX(BenPT,3))+INDEX(TaxRate,3)) -> 79894.217
A14: Development Director | B14: Fundraising | C14: Filled | D14: Full-time | E14: 1 | F14: 78000 | G14: 1 | H14: All | I14: =13-G14 -> 12 | J14: =IF($H14="All",1,IF($H14="Growth only",IF(ScenNo=3,1,0),IF($H14="Not in Conservative",IF(ScenNo=2,0,1),1))) -> 1 | K14: =$F14*$E14*(1+INDEX(Raise,ScenNo))*$I14/12*$J14*(1-INDEX(Vacancy,ScenNo)) -> 78733.2 | L14: =K14*IF($D14="Full-time",INDEX(BenFT,ScenNo),INDEX(BenPT,ScenNo)) -> 14565.642 | M14: =K14*INDEX(TaxRate,ScenNo) -> 6219.9228 | N14: =SUM(K14:M14) -> 99518.765 | S14: 1 | T14: =IF(ROUND(SUM(O14:S14),4)=1,"OK","Fix") -> OK | U14: =$F14*$E14*(1+INDEX(Raise,1))*$I14/12*IF($H14="All",1,IF($H14="Growth only",IF(1=3,1,0),IF($H14="Not in Conservative",IF(1=2,0,1),1)))*(1-INDEX(Vacancy,1))*(1+IF($D14="Full-time",INDEX(BenFT,1),INDEX(BenPT,1))+INDEX(TaxRate,1)) -> 99518.765 | V14: =$F14*$E14*(1+INDEX(Raise,2))*$I14/12*IF($H14="All",1,IF($H14="Growth only",IF(2=3,1,0),IF($H14="Not in Conservative",IF(2=2,0,1),1)))*(1-INDEX(Vacancy,2))*(1+IF($D14="Full-time",INDEX(BenFT,2),INDEX(BenPT,2))+INDEX(TaxRate,2)) -> 98318.657 | W14: =$F14*$E14*(1+INDEX(Raise,3))*$I14/12*IF($H14="All",1,IF($H14="Growth only",IF(3=3,1,0),IF($H14="Not in Conservative",IF(3=2,0,1),1)))*(1-INDEX(Vacancy,3))*(1+IF($D14="Full-time",INDEX(BenFT,3),INDEX(BenPT,3))+INDEX(TaxRate,3)) -> 100512.08
A15: Development Coordinator | B15: Fundraising | C15: Filled | D15: Full-time | E15: 1 | F15: 47000 | G15: 1 | H15: All | I15: =13-G15 -> 12 | J15: =IF($H15="All",1,IF($H15="Growth only",IF(ScenNo=3,1,0),IF($H15="Not in Conservative",IF(ScenNo=2,0,1),1))) -> 1 | K15: =$F15*$E15*(1+INDEX(Raise,ScenNo))*$I15/12*$J15*(1-INDEX(Vacancy,ScenNo)) -> 47441.8 | L15: =K15*IF($D15="Full-time",INDEX(BenFT,ScenNo),INDEX(BenPT,ScenNo)) -> 8776.733 | M15: =K15*INDEX(TaxRate,ScenNo) -> 3747.9022 | N15: =SUM(K15:M15) -> 59966.435 | S15: 1 | T15: =IF(ROUND(SUM(O15:S15),4)=1,"OK","Fix") -> OK | U15: =$F15*$E15*(1+INDEX(Raise,1))*$I15/12*IF($H15="All",1,IF($H15="Growth only",IF(1=3,1,0),IF($H15="Not in Conservative",IF(1=2,0,1),1)))*(1-INDEX(Vacancy,1))*(1+IF($D15="Full-time",INDEX(BenFT,1),INDEX(BenPT,1))+INDEX(TaxRate,1)) -> 59966.435 | V15: =$F15*$E15*(1+INDEX(Raise,2))*$I15/12*IF($H15="All",1,IF($H15="Growth only",IF(2=3,1,0),IF($H15="Not in Conservative",IF(2=2,0,1),1)))*(1-INDEX(Vacancy,2))*(1+IF($D15="Full-time",INDEX(BenFT,2),INDEX(BenPT,2))+INDEX(TaxRate,2)) -> 59243.293 | W15: =$F15*$E15*(1+INDEX(Raise,3))*$I15/12*IF($H15="All",1,IF($H15="Growth only",IF(3=3,1,0),IF($H15="Not in Conservative",IF(3=2,0,1),1)))*(1-INDEX(Vacancy,3))*(1+IF($D15="Full-time",INDEX(BenFT,3),INDEX(BenPT,3))+INDEX(TaxRate,3)) -> 60564.971
A16: Communications Coordinator | B16: Fundraising | C16: Filled | D16: Part-time | E16: 0.5 | F16: 52000 | G16: 1 | H16: All | I16: =13-G16 -> 12 | J16: =IF($H16="All",1,IF($H16="Growth only",IF(ScenNo=3,1,0),IF($H16="Not in Conservative",IF(ScenNo=2,0,1),1))) -> 1 | K16: =$F16*$E16*(1+INDEX(Raise,ScenNo))*$I16/12*$J16*(1-INDEX(Vacancy,ScenNo)) -> 26244.4 | L16: =K16*IF($D16="Full-time",INDEX(BenFT,ScenNo),INDEX(BenPT,ScenNo)) -> 524.888 | M16: =K16*INDEX(TaxRate,ScenNo) -> 2073.3076 | N16: =SUM(K16:M16) -> 28842.596 | R16: 0.4 | S16: 0.6 | T16: =IF(ROUND(SUM(O16:S16),4)=1,"OK","Fix") -> OK | U16: =$F16*$E16*(1+INDEX(Raise,1))*$I16/12*IF($H16="All",1,IF($H16="Growth only",IF(1=3,1,0),IF($H16="Not in Conservative",IF(1=2,0,1),1)))*(1-INDEX(Vacancy,1))*(1+IF($D16="Full-time",INDEX(BenFT,1),INDEX(BenPT,1))+INDEX(TaxRate,1)) -> 28842.596 | V16: =$F16*$E16*(1+INDEX(Raise,2))*$I16/12*IF($H16="All",1,IF($H16="Growth only",IF(2=3,1,0),IF($H16="Not in Conservative",IF(2=2,0,1),1)))*(1-INDEX(Vacancy,2))*(1+IF($D16="Full-time",INDEX(BenFT,2),INDEX(BenPT,2))+INDEX(TaxRate,2)) -> 28271.116 | W16: =$F16*$E16*(1+INDEX(Raise,3))*$I16/12*IF($H16="All",1,IF($H16="Growth only",IF(3=3,1,0),IF($H16="Not in Conservative",IF(3=2,0,1),1)))*(1-INDEX(Vacancy,3))*(1+IF($D16="Full-time",INDEX(BenFT,3),INDEX(BenPT,3))+INDEX(TaxRate,3)) -> 29130.479
A17: Housing Program Director | B17: Housing Stability | C17: Filled | D17: Full-time | E17: 1 | F17: 74000 | G17: 1 | H17: All | I17: =13-G17 -> 12 | J17: =IF($H17="All",1,IF($H17="Growth only",IF(ScenNo=3,1,0),IF($H17="Not in Conservative",IF(ScenNo=2,0,1),1))) -> 1 | K17: =$F17*$E17*(1+INDEX(Raise,ScenNo))*$I17/12*$J17*(1-INDEX(Vacancy,ScenNo)) -> 74695.6 | L17: =K17*IF($D17="Full-time",INDEX(BenFT,ScenNo),INDEX(BenPT,ScenNo)) -> 13818.686 | M17: =K17*INDEX(TaxRate,ScenNo) -> 5900.9524 | N17: =SUM(K17:M17) -> 94415.238 | O17: 1 | T17: =IF(ROUND(SUM(O17:S17),4)=1,"OK","Fix") -> OK | U17: =$F17*$E17*(1+INDEX(Raise,1))*$I17/12*IF($H17="All",1,IF($H17="Growth only",IF(1=3,1,0),IF($H17="Not in Conservative",IF(1=2,0,1),1)))*(1-INDEX(Vacancy,1))*(1+IF($D17="Full-time",INDEX(BenFT,1),INDEX(BenPT,1))+INDEX(TaxRate,1)) -> 94415.238 | V17: =$F17*$E17*(1+INDEX(Raise,2))*$I17/12*IF($H17="All",1,IF($H17="Growth only",IF(2=3,1,0),IF($H17="Not in Conservative",IF(2=2,0,1),1)))*(1-INDEX(Vacancy,2))*(1+IF($D17="Full-time",INDEX(BenFT,2),INDEX(BenPT,2))+INDEX(TaxRate,2)) -> 93276.674 | W17: =$F17*$E17*(1+INDEX(Raise,3))*$I17/12*IF($H17="All",1,IF($H17="Growth only",IF(3=3,1,0),IF($H17="Not in Conservative",IF(3=2,0,1),1)))*(1-INDEX(Vacancy,3))*(1+IF($D17="Full-time",INDEX(BenFT,3),INDEX(BenPT,3))+INDEX(TaxRate,3)) -> 95357.614
A18: Housing Case Manager | B18: Housing Stability | C18: Filled | D18: Full-time | E18: 1 | F18: 46500 | G18: 1 | H18: All | I18: =13-G18 -> 12 | J18: =IF($H18="All",1,IF($H18="Growth only",IF(ScenNo=3,1,0),IF($H18="Not in Conservative",IF(ScenNo=2,0,1),1))) -> 1 | K18: =$F18*$E18*(1+INDEX(Raise,ScenNo))*$I18/12*$J18*(1-INDEX(Vacancy,ScenNo)) -> 46937.1 | L18: =K18*IF($D18="Full-time",INDEX(BenFT,ScenNo),INDEX(BenPT,ScenNo)) -> 8683.3635 | M18: =K18*INDEX(TaxRate,ScenNo) -> 3708.0309 | N18: =SUM(K18:M18) -> 59328.494 | O18: 1 | T18: =IF(ROUND(SUM(O18:S18),4)=1,"OK","Fix") -> OK | U18: =$F18*$E18*(1+INDEX(Raise,1))*$I18/12*IF($H18="All",1,IF($H18="Growth only",IF(1=3,1,0),IF($H18="Not in Conservative",IF(1=2,0,1),1)))*(1-INDEX(Vacancy,1))*(1+IF($D18="Full-time",INDEX(BenFT,1),INDEX(BenPT,1))+INDEX(TaxRate,1)) -> 59328.494 | V18: =$F18*$E18*(1+INDEX(Raise,2))*$I18/12*IF($H18="All",1,IF($H18="Growth only",IF(2=3,1,0),IF($H18="Not in Conservative",IF(2=2,0,1),1)))*(1-INDEX(Vacancy,2))*(1+IF($D18="Full-time",INDEX(BenFT,2),INDEX(BenPT,2))+INDEX(TaxRate,2)) -> 58613.045 | W18: =$F18*$E18*(1+INDEX(Raise,3))*$I18/12*IF($H18="All",1,IF($H18="Growth only",IF(3=3,1,0),IF($H18="Not in Conservative",IF(3=2,0,1),1)))*(1-INDEX(Vacancy,3))*(1+IF($D18="Full-time",INDEX(BenFT,3),INDEX(BenPT,3))+INDEX(TaxRate,3)) -> 59920.663
A19: Housing Case Manager | B19: Housing Stability | C19: Filled | D19: Full-time | E19: 1 | F19: 45800 | G19: 1 | H19: All | I19: =13-G19 -> 12 | J19: =IF($H19="All",1,IF($H19="Growth only",IF(ScenNo=3,1,0),IF($H19="Not in Conservative",IF(ScenNo=2,0,1),1))) -> 1 | K19: =$F19*$E19*(1+INDEX(Raise,ScenNo))*$I19/12*$J19*(1-INDEX(Vacancy,ScenNo)) -> 46230.52 | L19: =K19*IF($D19="Full-time",INDEX(BenFT,ScenNo),INDEX(BenPT,ScenNo)) -> 8552.6462 | M19: =K19*INDEX(TaxRate,ScenNo) -> 3652.2111 | N19: =SUM(K19:M19) -> 58435.377 | O19: 1 | T19: =IF(ROUND(SUM(O19:S19),4)=1,"OK","Fix") -> OK | U19: =$F19*$E19*(1+INDEX(Raise,1))*$I19/12*IF($H19="All",1,IF($H19="Growth only",IF(1=3,1,0),IF($H19="Not in Conservative",IF(1=2,0,1),1)))*(1-INDEX(Vacancy,1))*(1+IF($D19="Full-time",INDEX(BenFT,1),INDEX(BenPT,1))+INDEX(TaxRate,1)) -> 58435.377 | V19: =$F19*$E19*(1+INDEX(Raise,2))*$I19/12*IF($H19="All",1,IF($H19="Growth only",IF(2=3,1,0),IF($H19="Not in Conservative",IF(2=2,0,1),1)))*(1-INDEX(Vacancy,2))*(1+IF($D19="Full-time",INDEX(BenFT,2),INDEX(BenPT,2))+INDEX(TaxRate,2)) -> 57730.698 | W19: =$F19*$E19*(1+INDEX(Raise,3))*$I19/12*IF($H19="All",1,IF($H19="Growth only",IF(3=3,1,0),IF($H19="Not in Conservative",IF(3=2,0,1),1)))*(1-INDEX(Vacancy,3))*(1+IF($D19="Full-time",INDEX(BenFT,3),INDEX(BenPT,3))+INDEX(TaxRate,3)) -> 59018.631
A20: Housing Case Manager | B20: Housing Stability | C20: Filled | D20: Full-time | E20: 1 | F20: 47200 | G20: 1 | H20: All | I20: =13-G20 -> 12 | J20: =IF($H20="All",1,IF($H20="Growth only",IF(ScenNo=3,1,0),IF($H20="Not in Conservative",IF(ScenNo=2,0,1),1))) -> 1 | K20: =$F20*$E20*(1+INDEX(Raise,ScenNo))*$I20/12*$J20*(1-INDEX(Vacancy,ScenNo)) -> 47643.68 | L20: =K20*IF($D20="Full-time",INDEX(BenFT,ScenNo),INDEX(BenPT,ScenNo)) -> 8814.0808 | M20: =K20*INDEX(TaxRate,ScenNo) -> 3763.8507 | N20: =SUM(K20:M20) -> 60221.612 | O20: 1 | T20: =IF(ROUND(SUM(O20:S20),4)=1,"OK","Fix") -> OK | U20: =$F20*$E20*(1+INDEX(Raise,1))*$I20/12*IF($H20="All",1,IF($H20="Growth only",IF(1=3,1,0),IF($H20="Not in Conservative",IF(1=2,0,1),1)))*(1-INDEX(Vacancy,1))*(1+IF($D20="Full-time",INDEX(BenFT,1),INDEX(BenPT,1))+INDEX(TaxRate,1)) -> 60221.612 | V20: =$F20*$E20*(1+INDEX(Raise,2))*$I20/12*IF($H20="All",1,IF($H20="Growth only",IF(2=3,1,0),IF($H20="Not in Conservative",IF(2=2,0,1),1)))*(1-INDEX(Vacancy,2))*(1+IF($D20="Full-time",INDEX(BenFT,2),INDEX(BenPT,2))+INDEX(TaxRate,2)) -> 59495.392 | W20: =$F20*$E20*(1+INDEX(Raise,3))*$I20/12*IF($H20="All",1,IF($H20="Growth only",IF(3=3,1,0),IF($H20="Not in Conservative",IF(3=2,0,1),1)))*(1-INDEX(Vacancy,3))*(1+IF($D20="Full-time",INDEX(BenFT,3),INDEX(BenPT,3))+INDEX(TaxRate,3)) -> 60822.694
A21: Housing Case Manager | B21: Housing Stability | C21: Filled | D21: Full-time | E21: 1 | F21: 44900 | G21: 1 | H21: All | I21: =13-G21 -> 12 | J21: =IF($H21="All",1,IF($H21="Growth only",IF(ScenNo=3,1,0),IF($H21="Not in Conservative",IF(ScenNo=2,0,1),1))) -> 1 | K21: =$F21*$E21*(1+INDEX(Raise,ScenNo))*$I21/12*$J21*(1-INDEX(Vacancy,ScenNo)) -> 45322.06 | L21: =K21*IF($D21="Full-time",INDEX(BenFT,ScenNo),INDEX(BenPT,ScenNo)) -> 8384.5811 | M21: =K21*INDEX(TaxRate,ScenNo) -> 3580.4427 | N21: =SUM(K21:M21) -> 57287.084 | O21: 1 | T21: =IF(ROUND(SUM(O21:S21),4)=1,"OK","Fix") -> OK | U21: =$F21*$E21*(1+INDEX(Raise,1))*$I21/12*IF($H21="All",1,IF($H21="Growth only",IF(1=3,1,0),IF($H21="Not in Conservative",IF(1=2,0,1),1)))*(1-INDEX(Vacancy,1))*(1+IF($D21="Full-time",INDEX(BenFT,1),INDEX(BenPT,1))+INDEX(TaxRate,1)) -> 57287.084 | V21: =$F21*$E21*(1+INDEX(Raise,2))*$I21/12*IF($H21="All",1,IF($H21="Growth only",IF(2=3,1,0),IF($H21="Not in Conservative",IF(2=2,0,1),1)))*(1-INDEX(Vacancy,2))*(1+IF($D21="Full-time",INDEX(BenFT,2),INDEX(BenPT,2))+INDEX(TaxRate,2)) -> 56596.252 | W21: =$F21*$E21*(1+INDEX(Raise,3))*$I21/12*IF($H21="All",1,IF($H21="Growth only",IF(3=3,1,0),IF($H21="Not in Conservative",IF(3=2,0,1),1)))*(1-INDEX(Vacancy,3))*(1+IF($D21="Full-time",INDEX(BenFT,3),INDEX(BenPT,3))+INDEX(TaxRate,3)) -> 57858.876
A22: Housing Case Manager | B22: Housing Stability | C22: Filled | D22: Full-time | E22: 1 | F22: 45200 | G22: 1 | H22: All | I22: =13-G22 -> 12 | J22: =IF($H22="All",1,IF($H22="Growth only",IF(ScenNo=3,1,0),IF($H22="Not in Conservative",IF(ScenNo=2,0,1),1))) -> 1 | K22: =$F22*$E22*(1+INDEX(Raise,ScenNo))*$I22/12*$J22*(1-INDEX(Vacancy,ScenNo)) -> 45624.88 | L22: =K22*IF($D22="Full-time",INDEX(BenFT,ScenNo),INDEX(BenPT,ScenNo)) -> 8440.6028 | M22: =K22*INDEX(TaxRate,ScenNo) -> 3604.3655 | N22: =SUM(K22:M22) -> 57669.848 | O22: 1 | T22: =IF(ROUND(SUM(O22:S22),4)=1,"OK","Fix") -> OK | U22: =$F22*$E22*(1+INDEX(Raise,1))*$I22/12*IF($H22="All",1,IF($H22="Growth only",IF(1=3,1,0),IF($H22="Not in Conservative",IF(1=2,0,1),1)))*(1-INDEX(Vacancy,1))*(1+IF($D22="Full-time",INDEX(BenFT,1),INDEX(BenPT,1))+INDEX(TaxRate,1)) -> 57669.848 | V22: =$F22*$E22*(1+INDEX(Raise,2))*$I22/12*IF($H22="All",1,IF($H22="Growth only",IF(2=3,1,0),IF($H22="Not in Conservative",IF(2=2,0,1),1)))*(1-INDEX(Vacancy,2))*(1+IF($D22="Full-time",INDEX(BenFT,2),INDEX(BenPT,2))+INDEX(TaxRate,2)) -> 56974.401 | W22: =$F22*$E22*(1+INDEX(Raise,3))*$I22/12*IF($H22="All",1,IF($H22="Growth only",IF(3=3,1,0),IF($H22="Not in Conservative",IF(3=2,0,1),1)))*(1-INDEX(Vacancy,3))*(1+IF($D22="Full-time",INDEX(BenFT,3),INDEX(BenPT,3))+INDEX(TaxRate,3)) -> 58245.461
A23: Housing Case Manager | B23: Housing Stability | C23: Filled | D23: Full-time | E23: 1 | F23: 46100 | G23: 1 | H23: All | I23: =13-G23 -> 12 | J23: =IF($H23="All",1,IF($H23="Growth only",IF(ScenNo=3,1,0),IF($H23="Not in Conservative",IF(ScenNo=2,0,1),1))) -> 1 | K23: =$F23*$E23*(1+INDEX(Raise,ScenNo))*$I23/12*$J23*(1-INDEX(Vacancy,ScenNo)) -> 46533.34 | L23: =K23*IF($D23="Full-time",INDEX(BenFT,ScenNo),INDEX(BenPT,ScenNo)) -> 8608.6679 | M23: =K23*INDEX(TaxRate,ScenNo) -> 3676.1339 | N23: =SUM(K23:M23) -> 58818.142 | O23: 1 | T23: =IF(ROUND(SUM(O23:S23),4)=1,"OK","Fix") -> OK | U23: =$F23*$E23*(1+INDEX(Raise,1))*$I23/12*IF($H23="All",1,IF($H23="Growth only",IF(1=3,1,0),IF($H23="Not in Conservative",IF(1=2,0,1),1)))*(1-INDEX(Vacancy,1))*(1+IF($D23="Full-time",INDEX(BenFT,1),INDEX(BenPT,1))+INDEX(TaxRate,1)) -> 58818.142 | V23: =$F23*$E23*(1+INDEX(Raise,2))*$I23/12*IF($H23="All",1,IF($H23="Growth only",IF(2=3,1,0),IF($H23="Not in Conservative",IF(2=2,0,1),1)))*(1-INDEX(Vacancy,2))*(1+IF($D23="Full-time",INDEX(BenFT,2),INDEX(BenPT,2))+INDEX(TaxRate,2)) -> 58108.847 | W23: =$F23*$E23*(1+INDEX(Raise,3))*$I23/12*IF($H23="All",1,IF($H23="Growth only",IF(3=3,1,0),IF($H23="Not in Conservative",IF(3=2,0,1),1)))*(1-INDEX(Vacancy,3))*(1+IF($D23="Full-time",INDEX(BenFT,3),INDEX(BenPT,3))+INDEX(TaxRate,3)) -> 59405.216
A24: Housing Case Manager | B24: Housing Stability | C24: Vacant | D24: Full-time | E24: 1 | F24: 45000 | G24: 2 | H24: All | I24: =13-G24 -> 11 | J24: =IF($H24="All",1,IF($H24="Growth only",IF(ScenNo=3,1,0),IF($H24="Not in Conservative",IF(ScenNo=2,0,1),1))) -> 1 | K24: =$F24*$E24*(1+INDEX(Raise,ScenNo))*$I24/12*$J24*(1-INDEX(Vacancy,ScenNo)) -> 41637.75 | L24: =K24*IF($D24="Full-time",INDEX(BenFT,ScenNo),INDEX(BenPT,ScenNo)) -> 7702.9838 | M24: =K24*INDEX(TaxRate,ScenNo) -> 3289.3823 | N24: =SUM(K24:M24) -> 52630.116 | O24: 1 | T24: =IF(ROUND(SUM(O24:S24),4)=1,"OK","Fix") -> OK | U24: =$F24*$E24*(1+INDEX(Raise,1))*$I24/12*IF($H24="All",1,IF($H24="Growth only",IF(1=3,1,0),IF($H24="Not in Conservative",IF(1=2,0,1),1)))*(1-INDEX(Vacancy,1))*(1+IF($D24="Full-time",INDEX(BenFT,1),INDEX(BenPT,1))+INDEX(TaxRate,1)) -> 52630.116 | V24: =$F24*$E24*(1+INDEX(Raise,2))*$I24/12*IF($H24="All",1,IF($H24="Growth only",IF(2=3,1,0),IF($H24="Not in Conservative",IF(2=2,0,1),1)))*(1-INDEX(Vacancy,2))*(1+IF($D24="Full-time",INDEX(BenFT,2),INDEX(BenPT,2))+INDEX(TaxRate,2)) -> 51995.444 | W24: =$F24*$E24*(1+INDEX(Raise,3))*$I24/12*IF($H24="All",1,IF($H24="Growth only",IF(3=3,1,0),IF($H24="Not in Conservative",IF(3=2,0,1),1)))*(1-INDEX(Vacancy,3))*(1+IF($D24="Full-time",INDEX(BenFT,3),INDEX(BenPT,3))+INDEX(TaxRate,3)) -> 53155.427
A25: Rapid Rehousing Specialist | B25: Housing Stability | C25: Filled | D25: Full-time | E25: 1 | F25: 48500 | G25: 1 | H25: All | I25: =13-G25 -> 12 | J25: =IF($H25="All",1,IF($H25="Growth only",IF(ScenNo=3,1,0),IF($H25="Not in Conservative",IF(ScenNo=2,0,1),1))) -> 1 | K25: =$F25*$E25*(1+INDEX(Raise,ScenNo))*$I25/12*$J25*(1-INDEX(Vacancy,ScenNo)) -> 48955.9 | L25: =K25*IF($D25="Full-time",INDEX(BenFT,ScenNo),INDEX(BenPT,ScenNo)) -> 9056.8415 | M25: =K25*INDEX(TaxRate,ScenNo) -> 3867.5161 | N25: =SUM(K25:M25) -> 61880.258 | O25: 1 | T25: =IF(ROUND(SUM(O25:S25),4)=1,"OK","Fix") -> OK | U25: =$F25*$E25*(1+INDEX(Raise,1))*$I25/12*IF($H25="All",1,IF($H25="Growth only",IF(1=3,1,0),IF($H25="Not in Conservative",IF(1=2,0,1),1)))*(1-INDEX(Vacancy,1))*(1+IF($D25="Full-time",INDEX(BenFT,1),INDEX(BenPT,1))+INDEX(TaxRate,1)) -> 61880.258 | V25: =$F25*$E25*(1+INDEX(Raise,2))*$I25/12*IF($H25="All",1,IF($H25="Growth only",IF(2=3,1,0),IF($H25="Not in Conservative",IF(2=2,0,1),1)))*(1-INDEX(Vacancy,2))*(1+IF($D25="Full-time",INDEX(BenFT,2),INDEX(BenPT,2))+INDEX(TaxRate,2)) -> 61134.037 | W25: =$F25*$E25*(1+INDEX(Raise,3))*$I25/12*IF($H25="All",1,IF($H25="Growth only",IF(3=3,1,0),IF($H25="Not in Conservative",IF(3=2,0,1),1)))*(1-INDEX(Vacancy,3))*(1+IF($D25="Full-time",INDEX(BenFT,3),INDEX(BenPT,3))+INDEX(TaxRate,3)) -> 62497.895
A26: Landlord Liaison | B26: Housing Stability | C26: Filled | D26: Full-time | E26: 1 | F26: 47000 | G26: 1 | H26: All | I26: =13-G26 -> 12 | J26: =IF($H26="All",1,IF($H26="Growth only",IF(ScenNo=3,1,0),IF($H26="Not in Conservative",IF(ScenNo=2,0,1),1))) -> 1 | K26: =$F26*$E26*(1+INDEX(Raise,ScenNo))*$I26/12*$J26*(1-INDEX(Vacancy,ScenNo)) -> 47441.8 | L26: =K26*IF($D26="Full-time",INDEX(BenFT,ScenNo),INDEX(BenPT,ScenNo)) -> 8776.733 | M26: =K26*INDEX(TaxRate,ScenNo) -> 3747.9022 | N26: =SUM(K26:M26) -> 59966.435 | O26: 1 | T26: =IF(ROUND(SUM(O26:S26),4)=1,"OK","Fix") -> OK | U26: =$F26*$E26*(1+INDEX(Raise,1))*$I26/12*IF($H26="All",1,IF($H26="Growth only",IF(1=3,1,0),IF($H26="Not in Conservative",IF(1=2,0,1),1)))*(1-INDEX(Vacancy,1))*(1+IF($D26="Full-time",INDEX(BenFT,1),INDEX(BenPT,1))+INDEX(TaxRate,1)) -> 59966.435 | V26: =$F26*$E26*(1+INDEX(Raise,2))*$I26/12*IF($H26="All",1,IF($H26="Growth only",IF(2=3,1,0),IF($H26="Not in Conservative",IF(2=2,0,1),1)))*(1-INDEX(Vacancy,2))*(1+IF($D26="Full-time",INDEX(BenFT,2),INDEX(BenPT,2))+INDEX(TaxRate,2)) -> 59243.293 | W26: =$F26*$E26*(1+INDEX(Raise,3))*$I26/12*IF($H26="All",1,IF($H26="Growth only",IF(3=3,1,0),IF($H26="Not in Conservative",IF(3=2,0,1),1)))*(1-INDEX(Vacancy,3))*(1+IF($D26="Full-time",INDEX(BenFT,3),INDEX(BenPT,3))+INDEX(TaxRate,3)) -> 60564.971
A27: Housing Navigator | B27: Housing Stability | C27: Filled | D27: Full-time | E27: 1 | F27: 48000 | G27: 1 | H27: All | I27: =13-G27 -> 12 | J27: =IF($H27="All",1,IF($H27="Growth only",IF(ScenNo=3,1,0),IF($H27="Not in Conservative",IF(ScenNo=2,0,1),1))) -> 1 | K27: =$F27*$E27*(1+INDEX(Raise,ScenNo))*$I27/12*$J27*(1-INDEX(Vacancy,ScenNo)) -> 48451.2 | L27: =K27*IF($D27="Full-time",INDEX(BenFT,ScenNo),INDEX(BenPT,ScenNo)) -> 8963.472 | M27: =K27*INDEX(TaxRate,ScenNo) -> 3827.6448 | N27: =SUM(K27:M27) -> 61242.317 | O27: 1 | T27: =IF(ROUND(SUM(O27:S27),4)=1,"OK","Fix") -> OK | U27: =$F27*$E27*(1+INDEX(Raise,1))*$I27/12*IF($H27="All",1,IF($H27="Growth only",IF(1=3,1,0),IF($H27="Not in Conservative",IF(1=2,0,1),1)))*(1-INDEX(Vacancy,1))*(1+IF($D27="Full-time",INDEX(BenFT,1),INDEX(BenPT,1))+INDEX(TaxRate,1)) -> 61242.317 | V27: =$F27*$E27*(1+INDEX(Raise,2))*$I27/12*IF($H27="All",1,IF($H27="Growth only",IF(2=3,1,0),IF($H27="Not in Conservative",IF(2=2,0,1),1)))*(1-INDEX(Vacancy,2))*(1+IF($D27="Full-time",INDEX(BenFT,2),INDEX(BenPT,2))+INDEX(TaxRate,2)) -> 60503.789 | W27: =$F27*$E27*(1+INDEX(Raise,3))*$I27/12*IF($H27="All",1,IF($H27="Growth only",IF(3=3,1,0),IF($H27="Not in Conservative",IF(3=2,0,1),1)))*(1-INDEX(Vacancy,3))*(1+IF($D27="Full-time",INDEX(BenFT,3),INDEX(BenPT,3))+INDEX(TaxRate,3)) -> 61853.587
A28: Intake Specialist | B28: Housing Stability | C28: Filled | D28: Full-time | E28: 1 | F28: 39500 | G28: 1 | H28: All | I28: =13-G28 -> 12 | J28: =IF($H28="All",1,IF($H28="Growth only",IF(ScenNo=3,1,0),IF($H28="Not in Conservative",IF(ScenNo=2,0,1),1))) -> 1 | K28: =$F28*$E28*(1+INDEX(Raise,ScenNo))*$I28/12*$J28*(1-INDEX(Vacancy,ScenNo)) -> 39871.3 | L28: =K28*IF($D28="Full-time",INDEX(BenFT,ScenNo),INDEX(BenPT,ScenNo)) -> 7376.1905 | M28: =K28*INDEX(TaxRate,ScenNo) -> 3149.8327 | N28: =SUM(K28:M28) -> 50397.323 | O28: 1 | T28: =IF(ROUND(SUM(O28:S28),4)=1,"OK","Fix") -> OK | U28: =$F28*$E28*(1+INDEX(Raise,1))*$I28/12*IF($H28="All",1,IF($H28="Growth only",IF(1=3,1,0),IF($H28="Not in Conservative",IF(1=2,0,1),1)))*(1-INDEX(Vacancy,1))*(1+IF($D28="Full-time",INDEX(BenFT,1),INDEX(BenPT,1))+INDEX(TaxRate,1)) -> 50397.323 | V28: =$F28*$E28*(1+INDEX(Raise,2))*$I28/12*IF($H28="All",1,IF($H28="Growth only",IF(2=3,1,0),IF($H28="Not in Conservative",IF(2=2,0,1),1)))*(1-INDEX(Vacancy,2))*(1+IF($D28="Full-time",INDEX(BenFT,2),INDEX(BenPT,2))+INDEX(TaxRate,2)) -> 49789.576 | W28: =$F28*$E28*(1+INDEX(Raise,3))*$I28/12*IF($H28="All",1,IF($H28="Growth only",IF(3=3,1,0),IF($H28="Not in Conservative",IF(3=2,0,1),1)))*(1-INDEX(Vacancy,3))*(1+IF($D28="Full-time",INDEX(BenFT,3),INDEX(BenPT,3))+INDEX(TaxRate,3)) -> 50900.348
... A30: Housing Case Manager (expansion) | B30: Housing Stability | C30: New | D30: Full-time | E30: 1 | F30: 46000 | G30: 4 | H30: Growth only | I30: =13-G30 -> 9 | J30: =IF($H30="All",1,IF($H30="Growth only",IF(ScenNo=3,1,0),IF($H30="Not in Conservative",IF(ScenNo=2,0,1),1))) -> 0 | K30: =$F30*$E30*(1+INDEX(Raise,ScenNo))*$I30/12*$J30*(1-INDEX(Vacancy,ScenNo)) -> 0 | L30: =K30*IF($D30="Full-time",INDEX(BenFT,ScenNo),INDEX(BenPT,ScenNo)) -> 0 | M30: =K30*INDEX(TaxRate,ScenNo) -> 0 | N30: =SUM(K30:M30) -> 0 | O30: 1 | T30: =IF(ROUND(SUM(O30:S30),4)=1,"OK","Fix") -> OK | U30: =$F30*$E30*(1+INDEX(Raise,1))*$I30/12*IF($H30="All",1,IF($H30="Growth only",IF(1=3,1,0),IF($H30="Not in Conservative",IF(1=2,0,1),1)))*(1-INDEX(Vacancy,1))*(1+IF($D30="Full-time",INDEX(BenFT,1),INDEX(BenPT,1))+INDEX(TaxRate,1)) -> 0 | V30: =$F30*$E30*(1+INDEX(Raise,2))*$I30/12*IF($H30="All",1,IF($H30="Growth only",IF(2=3,1,0),IF($H30="Not in Conservative",IF(2=2,0,1),1)))*(1-INDEX(Vacancy,2))*(1+IF($D30="Full-time",INDEX(BenFT,2),INDEX(BenPT,2))+INDEX(TaxRate,2)) -> 0 | W30: =$F30*$E30*(1+INDEX(Raise,3))*$I30/12*IF($H30="All",1,IF($H30="Growth only",IF(3=3,1,0),IF($H30="Not in Conservative",IF(3=2,0,1),1)))*(1-INDEX(Vacancy,3))*(1+IF($D30="Full-time",INDEX(BenFT,3),INDEX(BenPT,3))+INDEX(TaxRate,3)) -> 44457.266
A31: Workforce Program Director | B31: Workforce Pathways | C31: Filled | D31: Full-time | E31: 1 | F31: 72000 | G31: 1 | H31: All | I31: =13-G31 -> 12 | J31: =IF($H31="All",1,IF($H31="Growth only",IF(ScenNo=3,1,0),IF($H31="Not in Conservative",IF(ScenNo=2,0,1),1))) -> 1 | K31: =$F31*$E31*(1+INDEX(Raise,ScenNo))*$I31/12*$J31*(1-INDEX(Vacancy,ScenNo)) -> 72676.8 | L31: =K31*IF($D31="Full-time",INDEX(BenFT,ScenNo),INDEX(BenPT,ScenNo)) -> 13445.208 | M31: =K31*INDEX(TaxRate,ScenNo) -> 5741.4672 | N31: =SUM(K31:M31) -> 91863.475 | P31: 1 | T31: =IF(ROUND(SUM(O31:S31),4)=1,"OK","Fix") -> OK | U31: =$F31*$E31*(1+INDEX(Raise,1))*$I31/12*IF($H31="All",1,IF($H31="Growth only",IF(1=3,1,0),IF($H31="Not in Conservative",IF(1=2,0,1),1)))*(1-INDEX(Vacancy,1))*(1+IF($D31="Full-time",INDEX(BenFT,1),INDEX(BenPT,1))+INDEX(TaxRate,1)) -> 91863.475 | V31: =$F31*$E31*(1+INDEX(Raise,2))*$I31/12*IF($H31="All",1,IF($H31="Growth only",IF(2=3,1,0),IF($H31="Not in Conservative",IF(2=2,0,1),1)))*(1-INDEX(Vacancy,2))*(1+IF($D31="Full-time",INDEX(BenFT,2),INDEX(BenPT,2))+INDEX(TaxRate,2)) -> 90755.683 | W31: =$F31*$E31*(1+INDEX(Raise,3))*$I31/12*IF($H31="All",1,IF($H31="Growth only",IF(3=3,1,0),IF($H31="Not in Conservative",IF(3=2,0,1),1)))*(1-INDEX(Vacancy,3))*(1+IF($D31="Full-time",INDEX(BenFT,3),INDEX(BenPT,3))+INDEX(TaxRate,3)) -> 92780.381
A32: Job Coach | B32: Workforce Pathways | C32: Filled | D32: Full-time | E32: 1 | F32: 45500 | G32: 1 | H32: All | I32: =13-G32 -> 12 | J32: =IF($H32="All",1,IF($H32="Growth only",IF(ScenNo=3,1,0),IF($H32="Not in Conservative",IF(ScenNo=2,0,1),1))) -> 1 | K32: =$F32*$E32*(1+INDEX(Raise,ScenNo))*$I32/12*$J32*(1-INDEX(Vacancy,ScenNo)) -> 45927.7 | L32: =K32*IF($D32="Full-time",INDEX(BenFT,ScenNo),INDEX(BenPT,ScenNo)) -> 8496.6245 | M32: =K32*INDEX(TaxRate,ScenNo) -> 3628.2883 | N32: =SUM(K32:M32) -> 58052.613 | P32: 1 | T32: =IF(ROUND(SUM(O32:S32),4)=1,"OK","Fix") -> OK | U32: =$F32*$E32*(1+INDEX(Raise,1))*$I32/12*IF($H32="All",1,IF($H32="Growth only",IF(1=3,1,0),IF($H32="Not in Conservative",IF(1=2,0,1),1)))*(1-INDEX(Vacancy,1))*(1+IF($D32="Full-time",INDEX(BenFT,1),INDEX(BenPT,1))+INDEX(TaxRate,1)) -> 58052.613 | V32: =$F32*$E32*(1+INDEX(Raise,2))*$I32/12*IF($H32="All",1,IF($H32="Growth only",IF(2=3,1,0),IF($H32="Not in Conservative",IF(2=2,0,1),1)))*(1-INDEX(Vacancy,2))*(1+IF($D32="Full-time",INDEX(BenFT,2),INDEX(BenPT,2))+INDEX(TaxRate,2)) -> 57352.55 | W32: =$F32*$E32*(1+INDEX(Raise,3))*$I32/12*IF($H32="All",1,IF($H32="Growth only",IF(3=3,1,0),IF($H32="Not in Conservative",IF(3=2,0,1),1)))*(1-INDEX(Vacancy,3))*(1+IF($D32="Full-time",INDEX(BenFT,3),INDEX(BenPT,3))+INDEX(TaxRate,3)) -> 58632.046
A33: Job Coach | B33: Workforce Pathways | C33: Filled | D33: Full-time | E33: 1 | F33: 44800 | G33: 1 | H33: All | I33: =13-G33 -> 12 | J33: =IF($H33="All",1,IF($H33="Growth only",IF(ScenNo=3,1,0),IF($H33="Not in Conservative",IF(ScenNo=2,0,1),1))) -> 1 | K33: =$F33*$E33*(1+INDEX(Raise,ScenNo))*$I33/12*$J33*(1-INDEX(Vacancy,ScenNo)) -> 45221.12 | L33: =K33*IF($D33="Full-time",INDEX(BenFT,ScenNo),INDEX(BenPT,ScenNo)) -> 8365.9072 | M33: =K33*INDEX(TaxRate,ScenNo) -> 3572.4685 | N33: =SUM(K33:M33) -> 57159.496 | P33: 1 | T33: =IF(ROUND(SUM(O33:S33),4)=1,"OK","Fix") -> OK | U33: =$F33*$E33*(1+INDEX(Raise,1))*$I33/12*IF($H33="All",1,IF($H33="Growth only",IF(1=3,1,0),IF($H33="Not in Conservative",IF(1=2,0,1),1)))*(1-INDEX(Vacancy,1))*(1+IF($D33="Full-time",INDEX(BenFT,1),INDEX(BenPT,1))+INDEX(TaxRate,1)) -> 57159.496 | V33: =$F33*$E33*(1+INDEX(Raise,2))*$I33/12*IF($H33="All",1,IF($H33="Growth only",IF(2=3,1,0),IF($H33="Not in Conservative",IF(2=2,0,1),1)))*(1-INDEX(Vacancy,2))*(1+IF($D33="Full-time",INDEX(BenFT,2),INDEX(BenPT,2))+INDEX(TaxRate,2)) -> 56470.203 | W33: =$F33*$E33*(1+INDEX(Raise,3))*$I33/12*IF($H33="All",1,IF($H33="Growth only",IF(3=3,1,0),IF($H33="Not in Conservative",IF(3=2,0,1),1)))*(1-INDEX(Vacancy,3))*(1+IF($D33="Full-time",INDEX(BenFT,3),INDEX(BenPT,3))+INDEX(TaxRate,3)) -> 57730.015
A34: Job Coach | B34: Workforce Pathways | C34: Filled | D34: Full-time | E34: 1 | F34: 46200 | G34: 1 | H34: All | I34: =13-G34 -> 12 | J34: =IF($H34="All",1,IF($H34="Growth only",IF(ScenNo=3,1,0),IF($H34="Not in Conservative",IF(ScenNo=2,0,1),1))) -> 1 | K34: =$F34*$E34*(1+INDEX(Raise,ScenNo))*$I34/12*$J34*(1-INDEX(Vacancy,ScenNo)) -> 46634.28 | L34: =K34*IF($D34="Full-time",INDEX(BenFT,ScenNo),INDEX(BenPT,ScenNo)) -> 8627.3418 | M34: =K34*INDEX(TaxRate,ScenNo) -> 3684.1081 | N34: =SUM(K34:M34) -> 58945.73 | P34: 1 | T34: =IF(ROUND(SUM(O34:S34),4)=1,"OK","Fix") -> OK | U34: =$F34*$E34*(1+INDEX(Raise,1))*$I34/12*IF($H34="All",1,IF($H34="Growth only",IF(1=3,1,0),IF($H34="Not in Conservative",IF(1=2,0,1),1)))*(1-INDEX(Vacancy,1))*(1+IF($D34="Full-time",INDEX(BenFT,1),INDEX(BenPT,1))+INDEX(TaxRate,1)) -> 58945.73 | V34: =$F34*$E34*(1+INDEX(Raise,2))*$I34/12*IF($H34="All",1,IF($H34="Growth only",IF(2=3,1,0),IF($H34="Not in Conservative",IF(2=2,0,1),1)))*(1-INDEX(Vacancy,2))*(1+IF($D34="Full-time",INDEX(BenFT,2),INDEX(BenPT,2))+INDEX(TaxRate,2)) -> 58234.897 | W34: =$F34*$E34*(1+INDEX(Raise,3))*$I34/12*IF($H34="All",1,IF($H34="Growth only",IF(3=3,1,0),IF($H34="Not in Conservative",IF(3=2,0,1),1)))*(1-INDEX(Vacancy,3))*(1+IF($D34="Full-time",INDEX(BenFT,3),INDEX(BenPT,3))+INDEX(TaxRate,3)) -> 59534.078
A35: Workforce Case Manager | B35: Workforce Pathways | C35: Filled | D35: Full-time | E35: 1 | F35: 46500 | G35: 1 | H35: All | I35: =13-G35 -> 12 | J35: =IF($H35="All",1,IF($H35="Growth only",IF(ScenNo=3,1,0),IF($H35="Not in Conservative",IF(ScenNo=2,0,1),1))) -> 1 | K35: =$F35*$E35*(1+INDEX(Raise,ScenNo))*$I35/12*$J35*(1-INDEX(Vacancy,ScenNo)) -> 46937.1 | L35: =K35*IF($D35="Full-time",INDEX(BenFT,ScenNo),INDEX(BenPT,ScenNo)) -> 8683.3635 | M35: =K35*INDEX(TaxRate,ScenNo) -> 3708.0309 | N35: =SUM(K35:M35) -> 59328.494 | P35: 1 | T35: =IF(ROUND(SUM(O35:S35),4)=1,"OK","Fix") -> OK | U35: =$F35*$E35*(1+INDEX(Raise,1))*$I35/12*IF($H35="All",1,IF($H35="Growth only",IF(1=3,1,0),IF($H35="Not in Conservative",IF(1=2,0,1),1)))*(1-INDEX(Vacancy,1))*(1+IF($D35="Full-time",INDEX(BenFT,1),INDEX(BenPT,1))+INDEX(TaxRate,1)) -> 59328.494 | V35: =$F35*$E35*(1+INDEX(Raise,2))*$I35/12*IF($H35="All",1,IF($H35="Growth only",IF(2=3,1,0),IF($H35="Not in Conservative",IF(2=2,0,1),1)))*(1-INDEX(Vacancy,2))*(1+IF($D35="Full-time",INDEX(BenFT,2),INDEX(BenPT,2))+INDEX(TaxRate,2)) -> 58613.045 | W35: =$F35*$E35*(1+INDEX(Raise,3))*$I35/12*IF($H35="All",1,IF($H35="Growth only",IF(3=3,1,0),IF($H35="Not in Conservative",IF(3=2,0,1),1)))*(1-INDEX(Vacancy,3))*(1+IF($D35="Full-time",INDEX(BenFT,3),INDEX(BenPT,3))+INDEX(TaxRate,3)) -> 59920.663
A36: Workforce Intake Specialist | B36: Workforce Pathways | C36: Filled | D36: Full-time | E36: 1 | F36: 39500 | G36: 1 | H36: All | I36: =13-G36 -> 12 | J36: =IF($H36="All",1,IF($H36="Growth only",IF(ScenNo=3,1,0),IF($H36="Not in Conservative",IF(ScenNo=2,0,1),1))) -> 1 | K36: =$F36*$E36*(1+INDEX(Raise,ScenNo))*$I36/12*$J36*(1-INDEX(Vacancy,ScenNo)) -> 39871.3 | L36: =K36*IF($D36="Full-time",INDEX(BenFT,ScenNo),INDEX(BenPT,ScenNo)) -> 7376.1905 | M36: =K36*INDEX(TaxRate,ScenNo) -> 3149.8327 | N36: =SUM(K36:M36) -> 50397.323 | P36: 1 | T36: =IF(ROUND(SUM(O36:S36),4)=1,"OK","Fix") -> OK | U36: =$F36*$E36*(1+INDEX(Raise,1))*$I36/12*IF($H36="All",1,IF($H36="Growth only",IF(1=3,1,0),IF($H36="Not in Conservative",IF(1=2,0,1),1)))*(1-INDEX(Vacancy,1))*(1+IF($D36="Full-time",INDEX(BenFT,1),INDEX(BenPT,1))+INDEX(TaxRate,1)) -> 50397.323 | V36: =$F36*$E36*(1+INDEX(Raise,2))*$I36/12*IF($H36="All",1,IF($H36="Growth only",IF(2=3,1,0),IF($H36="Not in Conservative",IF(2=2,0,1),1)))*(1-INDEX(Vacancy,2))*(1+IF($D36="Full-time",INDEX(BenFT,2),INDEX(BenPT,2))+INDEX(TaxRate,2)) -> 49789.576 | W36: =$F36*$E36*(1+INDEX(Raise,3))*$I36/12*IF($H36="All",1,IF($H36="Growth only",IF(3=3,1,0),IF($H36="Not in Conservative",IF(3=2,0,1),1)))*(1-INDEX(Vacancy,3))*(1+IF($D36="Full-time",INDEX(BenFT,3),INDEX(BenPT,3))+INDEX(TaxRate,3)) -> 50900.348
A37: Certification Instructor | B37: Workforce Pathways | C37: Filled | D37: Part-time | E37: 0.75 | F37: 52000 | G37: 1 | H37: All | I37: =13-G37 -> 12 | J37: =IF($H37="All",1,IF($H37="Growth only",IF(ScenNo=3,1,0),IF($H37="Not in Conservative",IF(ScenNo=2,0,1),1))) -> 1 | K37: =$F37*$E37*(1+INDEX(Raise,ScenNo))*$I37/12*$J37*(1-INDEX(Vacancy,ScenNo)) -> 39366.6 | L37: =K37*IF($D37="Full-time",INDEX(BenFT,ScenNo),INDEX(BenPT,ScenNo)) -> 787.332 | M37: =K37*INDEX(TaxRate,ScenNo) -> 3109.9614 | N37: =SUM(K37:M37) -> 43263.893 | P37: 1 | T37: =IF(ROUND(SUM(O37:S37),4)=1,"OK","Fix") -> OK | U37: =$F37*$E37*(1+INDEX(Raise,1))*$I37/12*IF($H37="All",1,IF($H37="Growth only",IF(1=3,1,0),IF($H37="Not in Conservative",IF(1=2,0,1),1)))*(1-INDEX(Vacancy,1))*(1+IF($D37="Full-time",INDEX(BenFT,1),INDEX(BenPT,1))+INDEX(TaxRate,1)) -> 43263.893 | V37: =$F37*$E37*(1+INDEX(Raise,2))*$I37/12*IF($H37="All",1,IF($H37="Growth only",IF(2=3,1,0),IF($H37="Not in Conservative",IF(2=2,0,1),1)))*(1-INDEX(Vacancy,2))*(1+IF($D37="Full-time",INDEX(BenFT,2),INDEX(BenPT,2))+INDEX(TaxRate,2)) -> 42406.673 | W37: =$F37*$E37*(1+INDEX(Raise,3))*$I37/12*IF($H37="All",1,IF($H37="Growth only",IF(3=3,1,0),IF($H37="Not in Conservative",IF(3=2,0,1),1)))*(1-INDEX(Vacancy,3))*(1+IF($D37="Full-time",INDEX(BenFT,3),INDEX(BenPT,3))+INDEX(TaxRate,3)) -> 43695.718
A38: Certification Instructor | B38: Workforce Pathways | C38: Filled | D38: Part-time | E38: 0.75 | F38: 52000 | G38: 1 | H38: All | I38: =13-G38 -> 12 | J38: =IF($H38="All",1,IF($H38="Growth only",IF(ScenNo=3,1,0),IF($H38="Not in Conservative",IF(ScenNo=2,0,1),1))) -> 1 | K38: =$F38*$E38*(1+INDEX(Raise,ScenNo))*$I38/12*$J38*(1-INDEX(Vacancy,ScenNo)) -> 39366.6 | L38: =K38*IF($D38="Full-time",INDEX(BenFT,ScenNo),INDEX(BenPT,ScenNo)) -> 787.332 | M38: =K38*INDEX(TaxRate,ScenNo) -> 3109.9614 | N38: =SUM(K38:M38) -> 43263.893 | P38: 1 | T38: =IF(ROUND(SUM(O38:S38),4)=1,"OK","Fix") -> OK | U38: =$F38*$E38*(1+INDEX(Raise,1))*$I38/12*IF($H38="All",1,IF($H38="Growth only",IF(1=3,1,0),IF($H38="Not in Conservative",IF(1=2,0,1),1)))*(1-INDEX(Vacancy,1))*(1+IF($D38="Full-time",INDEX(BenFT,1),INDEX(BenPT,1))+INDEX(TaxRate,1)) -> 43263.893 | V38: =$F38*$E38*(1+INDEX(Raise,2))*$I38/12*IF($H38="All",1,IF($H38="Growth only",IF(2=3,1,0),IF($H38="Not in Conservative",IF(2=2,0,1),1)))*(1-INDEX(Vacancy,2))*(1+IF($D38="Full-time",INDEX(BenFT,2),INDEX(BenPT,2))+INDEX(TaxRate,2)) -> 42406.673 | W38: =$F38*$E38*(1+INDEX(Raise,3))*$I38/12*IF($H38="All",1,IF($H38="Growth only",IF(3=3,1,0),IF($H38="Not in Conservative",IF(3=2,0,1),1)))*(1-INDEX(Vacancy,3))*(1+IF($D38="Full-time",INDEX(BenFT,3),INDEX(BenPT,3))+INDEX(TaxRate,3)) -> 43695.718
A39: Employer Partnerships Manager | B39: Workforce Pathways | C39: Vacant | D39: Full-time | E39: 1 | F39: 58000 | G39: 3 | H39: Not in Conservative | I39: =13-G39 -> 10 | J39: =IF($H39="All",1,IF($H39="Growth only",IF(ScenNo=3,1,0),IF($H39="Not in Conservative",IF(ScenNo=2,0,1),1))) -> 1 | K39: =$F39*$E39*(1+INDEX(Raise,ScenNo))*$I39/12*$J39*(1-INDEX(Vacancy,ScenNo)) -> 48787.667 | L39: =K39*IF($D39="Full-time",INDEX(BenFT,ScenNo),INDEX(BenPT,ScenNo)) -> 9025.7183 | M39: =K39*INDEX(TaxRate,ScenNo) -> 3854.2257 | N39: =SUM(K39:M39) -> 61667.611 | P39: 1 | T39: =IF(ROUND(SUM(O39:S39),4)=1,"OK","Fix") -> OK | U39: =$F39*$E39*(1+INDEX(Raise,1))*$I39/12*IF($H39="All",1,IF($H39="Growth only",IF(1=3,1,0),IF($H39="Not in Conservative",IF(1=2,0,1),1)))*(1-INDEX(Vacancy,1))*(1+IF($D39="Full-time",INDEX(BenFT,1),INDEX(BenPT,1))+INDEX(TaxRate,1)) -> 61667.611 | V39: =$F39*$E39*(1+INDEX(Raise,2))*$I39/12*IF($H39="All",1,IF($H39="Growth only",IF(2=3,1,0),IF($H39="Not in Conservative",IF(2=2,0,1),1)))*(1-INDEX(Vacancy,2))*(1+IF($D39="Full-time",INDEX(BenFT,2),INDEX(BenPT,2))+INDEX(TaxRate,2)) -> 0 | W39: =$F39*$E39*(1+INDEX(Raise,3))*$I39/12*IF($H39="All",1,IF($H39="Growth only",IF(3=3,1,0),IF($H39="Not in Conservative",IF(3=2,0,1),1)))*(1-INDEX(Vacancy,3))*(1+IF($D39="Full-time",INDEX(BenFT,3),INDEX(BenPT,3))+INDEX(TaxRate,3)) -> 62283.126
A40: Job Coach (second site) | B40: Workforce Pathways | C40: New | D40: Full-time | E40: 1 | F40: 45000 | G40: 6 | H40: Growth only | I40: =13-G40 -> 7 | J40: =IF($H40="All",1,IF($H40="Growth only",IF(ScenNo=3,1,0),IF($H40="Not in Conservative",IF(ScenNo=2,0,1),1))) -> 0 | K40: =$F40*$E40*(1+INDEX(Raise,ScenNo))*$I40/12*$J40*(1-INDEX(Vacancy,ScenNo)) -> 0 | L40: =K40*IF($D40="Full-time",INDEX(BenFT,ScenNo),INDEX(BenPT,ScenNo)) -> 0 | M40: =K40*INDEX(TaxRate,ScenNo) -> 0 | N40: =SUM(K40:M40) -> 0 | P40: 1 | T40: =IF(ROUND(SUM(O40:S40),4)=1,"OK","Fix") -> OK | U40: =$F40*$E40*(1+INDEX(Raise,1))*$I40/12*IF($H40="All",1,IF($H40="Growth only",IF(1=3,1,0),IF($H40="Not in Conservative",IF(1=2,0,1),1)))*(1-INDEX(Vacancy,1))*(1+IF($D40="Full-time",INDEX(BenFT,1),INDEX(BenPT,1))+INDEX(TaxRate,1)) -> 0 | V40: =$F40*$E40*(1+INDEX(Raise,2))*$I40/12*IF($H40="All",1,IF($H40="Growth only",IF(2=3,1,0),IF($H40="Not in Conservative",IF(2=2,0,1),1)))*(1-INDEX(Vacancy,2))*(1+IF($D40="Full-time",INDEX(BenFT,2),INDEX(BenPT,2))+INDEX(TaxRate,2)) -> 0 | W40: =$F40*$E40*(1+INDEX(Raise,3))*$I40/12*IF($H40="All",1,IF($H40="Growth only",IF(3=3,1,0),IF($H40="Not in Conservative",IF(3=2,0,1),1)))*(1-INDEX(Vacancy,3))*(1+IF($D40="Full-time",INDEX(BenFT,3),INDEX(BenPT,3))+INDEX(TaxRate,3)) -> 33826.181
A41: Senior Program Director | B41: Senior Connections | C41: Filled | D41: Full-time | E41: 1 | F41: 70000 | G41: 1 | H41: All | I41: =13-G41 -> 12 | J41: =IF($H41="All",1,IF($H41="Growth only",IF(ScenNo=3,1,0),IF($H41="Not in Conservative",IF(ScenNo=2,0,1),1))) -> 1 | K41: =$F41*$E41*(1+INDEX(Raise,ScenNo))*$I41/12*$J41*(1-INDEX(Vacancy,ScenNo)) -> 70658 | L41: =K41*IF($D41="Full-time",INDEX(BenFT,ScenNo),INDEX(BenPT,ScenNo)) -> 13071.73 | M41: =K41*INDEX(TaxRate,ScenNo) -> 5581.982 | N41: =SUM(K41:M41) -> 89311.712 | Q41: 1 | T41: =IF(ROUND(SUM(O41:S41),4)=1,"OK","Fix") -> OK | U41: =$F41*$E41*(1+INDEX(Raise,1))*$I41/12*IF($H41="All",1,IF($H41="Growth only",IF(1=3,1,0),IF($H41="Not in Conservative",IF(1=2,0,1),1)))*(1-INDEX(Vacancy,1))*(1+IF($D41="Full-time",INDEX(BenFT,1),INDEX(BenPT,1))+INDEX(TaxRate,1)) -> 89311.712 | V41: =$F41*$E41*(1+INDEX(Raise,2))*$I41/12*IF($H41="All",1,IF($H41="Growth only",IF(2=3,1,0),IF($H41="Not in Conservative",IF(2=2,0,1),1)))*(1-INDEX(Vacancy,2))*(1+IF($D41="Full-time",INDEX(BenFT,2),INDEX(BenPT,2))+INDEX(TaxRate,2)) -> 88234.692 | W41: =$F41*$E41*(1+INDEX(Raise,3))*$I41/12*IF($H41="All",1,IF($H41="Growth only",IF(3=3,1,0),IF($H41="Not in Conservative",IF(3=2,0,1),1)))*(1-INDEX(Vacancy,3))*(1+IF($D41="Full-time",INDEX(BenFT,3),INDEX(BenPT,3))+INDEX(TaxRate,3)) -> 90203.148
A42: Nutrition Coordinator | B42: Senior Connections | C42: Filled | D42: Full-time | E42: 1 | F42: 49500 | G42: 1 | H42: All | I42: =13-G42 -> 12 | J42: =IF($H42="All",1,IF($H42="Growth only",IF(ScenNo=3,1,0),IF($H42="Not in Conservative",IF(ScenNo=2,0,1),1))) -> 1 | K42: =$F42*$E42*(1+INDEX(Raise,ScenNo))*$I42/12*$J42*(1-INDEX(Vacancy,ScenNo)) -> 49965.3 | L42: =K42*IF($D42="Full-time",INDEX(BenFT,ScenNo),INDEX(BenPT,ScenNo)) -> 9243.5805 | M42: =K42*INDEX(TaxRate,ScenNo) -> 3947.2587 | N42: =SUM(K42:M42) -> 63156.139 | Q42: 1 | T42: =IF(ROUND(SUM(O42:S42),4)=1,"OK","Fix") -> OK | U42: =$F42*$E42*(1+INDEX(Raise,1))*$I42/12*IF($H42="All",1,IF($H42="Growth only",IF(1=3,1,0),IF($H42="Not in Conservative",IF(1=2,0,1),1)))*(1-INDEX(Vacancy,1))*(1+IF($D42="Full-time",INDEX(BenFT,1),INDEX(BenPT,1))+INDEX(TaxRate,1)) -> 63156.139 | V42: =$F42*$E42*(1+INDEX(Raise,2))*$I42/12*IF($H42="All",1,IF($H42="Growth only",IF(2=3,1,0),IF($H42="Not in Conservative",IF(2=2,0,1),1)))*(1-INDEX(Vacancy,2))*(1+IF($D42="Full-time",INDEX(BenFT,2),INDEX(BenPT,2))+INDEX(TaxRate,2)) -> 62394.532 | W42: =$F42*$E42*(1+INDEX(Raise,3))*$I42/12*IF($H42="All",1,IF($H42="Growth only",IF(3=3,1,0),IF($H42="Not in Conservative",IF(3=2,0,1),1)))*(1-INDEX(Vacancy,3))*(1+IF($D42="Full-time",INDEX(BenFT,3),INDEX(BenPT,3))+INDEX(TaxRate,3)) -> 63786.512
A43: Kitchen Lead | B43: Senior Connections | C43: Filled | D43: Full-time | E43: 1 | F43: 42000 | G43: 1 | H43: All | I43: =13-G43 -> 12 | J43: =IF($H43="All",1,IF($H43="Growth only",IF(ScenNo=3,1,0),IF($H43="Not in Conservative",IF(ScenNo=2,0,1),1))) -> 1 | K43: =$F43*$E43*(1+INDEX(Raise,ScenNo))*$I43/12*$J43*(1-INDEX(Vacancy,ScenNo)) -> 42394.8 | L43: =K43*IF($D43="Full-time",INDEX(BenFT,ScenNo),INDEX(BenPT,ScenNo)) -> 7843.038 | M43: =K43*INDEX(TaxRate,ScenNo) -> 3349.1892 | N43: =SUM(K43:M43) -> 53587.027 | Q43: 1 | T43: =IF(ROUND(SUM(O43:S43),4)=1,"OK","Fix") -> OK | U43: =$F43*$E43*(1+INDEX(Raise,1))*$I43/12*IF($H43="All",1,IF($H43="Growth only",IF(1=3,1,0),IF($H43="Not in Conservative",IF(1=2,0,1),1)))*(1-INDEX(Vacancy,1))*(1+IF($D43="Full-time",INDEX(BenFT,1),INDEX(BenPT,1))+INDEX(TaxRate,1)) -> 53587.027 | V43: =$F43*$E43*(1+INDEX(Raise,2))*$I43/12*IF($H43="All",1,IF($H43="Growth only",IF(2=3,1,0),IF($H43="Not in Conservative",IF(2=2,0,1),1)))*(1-INDEX(Vacancy,2))*(1+IF($D43="Full-time",INDEX(BenFT,2),INDEX(BenPT,2))+INDEX(TaxRate,2)) -> 52940.815 | W43: =$F43*$E43*(1+INDEX(Raise,3))*$I43/12*IF($H43="All",1,IF($H43="Growth only",IF(3=3,1,0),IF($H43="Not in Conservative",IF(3=2,0,1),1)))*(1-INDEX(Vacancy,3))*(1+IF($D43="Full-time",INDEX(BenFT,3),INDEX(BenPT,3))+INDEX(TaxRate,3)) -> 54121.889
A44: Kitchen Assistant | B44: Senior Connections | C44: Filled | D44: Part-time | E44: 0.6 | F44: 32000 | G44: 1 | H44: All | I44: =13-G44 -> 12 | J44: =IF($H44="All",1,IF($H44="Growth only",IF(ScenNo=3,1,0),IF($H44="Not in Conservative",IF(ScenNo=2,0,1),1))) -> 1 | K44: =$F44*$E44*(1+INDEX(Raise,ScenNo))*$I44/12*$J44*(1-INDEX(Vacancy,ScenNo)) -> 19380.48 | L44: =K44*IF($D44="Full-time",INDEX(BenFT,ScenNo),INDEX(BenPT,ScenNo)) -> 387.6096 | M44: =K44*INDEX(TaxRate,ScenNo) -> 1531.0579 | N44: =SUM(K44:M44) -> 21299.148 | Q44: 1 | T44: =IF(ROUND(SUM(O44:S44),4)=1,"OK","Fix") -> OK | U44: =$F44*$E44*(1+INDEX(Raise,1))*$I44/12*IF($H44="All",1,IF($H44="Growth only",IF(1=3,1,0),IF($H44="Not in Conservative",IF(1=2,0,1),1)))*(1-INDEX(Vacancy,1))*(1+IF($D44="Full-time",INDEX(BenFT,1),INDEX(BenPT,1))+INDEX(TaxRate,1)) -> 21299.148 | V44: =$F44*$E44*(1+INDEX(Raise,2))*$I44/12*IF($H44="All",1,IF($H44="Growth only",IF(2=3,1,0),IF($H44="Not in Conservative",IF(2=2,0,1),1)))*(1-INDEX(Vacancy,2))*(1+IF($D44="Full-time",INDEX(BenFT,2),INDEX(BenPT,2))+INDEX(TaxRate,2)) -> 20877.132 | W44: =$F44*$E44*(1+INDEX(Raise,3))*$I44/12*IF($H44="All",1,IF($H44="Growth only",IF(3=3,1,0),IF($H44="Not in Conservative",IF(3=2,0,1),1)))*(1-INDEX(Vacancy,3))*(1+IF($D44="Full-time",INDEX(BenFT,3),INDEX(BenPT,3))+INDEX(TaxRate,3)) -> 21511.738
A45: Kitchen Assistant | B45: Senior Connections | C45: Filled | D45: Part-time | E45: 0.6 | F45: 32000 | G45: 1 | H45: All | I45: =13-G45 -> 12 | J45: =IF($H45="All",1,IF($H45="Growth only",IF(ScenNo=3,1,0),IF($H45="Not in Conservative",IF(ScenNo=2,0,1),1))) -> 1 | K45: =$F45*$E45*(1+INDEX(Raise,ScenNo))*$I45/12*$J45*(1-INDEX(Vacancy,ScenNo)) -> 19380.48 | L45: =K45*IF($D45="Full-time",INDEX(BenFT,ScenNo),INDEX(BenPT,ScenNo)) -> 387.6096 | M45: =K45*INDEX(TaxRate,ScenNo) -> 1531.0579 | N45: =SUM(K45:M45) -> 21299.148 | Q45: 1 | T45: =IF(ROUND(SUM(O45:S45),4)=1,"OK","Fix") -> OK | U45: =$F45*$E45*(1+INDEX(Raise,1))*$I45/12*IF($H45="All",1,IF($H45="Growth only",IF(1=3,1,0),IF($H45="Not in Conservative",IF(1=2,0,1),1)))*(1-INDEX(Vacancy,1))*(1+IF($D45="Full-time",INDEX(BenFT,1),INDEX(BenPT,1))+INDEX(TaxRate,1)) -> 21299.148 | V45: =$F45*$E45*(1+INDEX(Raise,2))*$I45/12*IF($H45="All",1,IF($H45="Growth only",IF(2=3,1,0),IF($H45="Not in Conservative",IF(2=2,0,1),1)))*(1-INDEX(Vacancy,2))*(1+IF($D45="Full-time",INDEX(BenFT,2),INDEX(BenPT,2))+INDEX(TaxRate,2)) -> 20877.132 | W45: =$F45*$E45*(1+INDEX(Raise,3))*$I45/12*IF($H45="All",1,IF($H45="Growth only",IF(3=3,1,0),IF($H45="Not in Conservative",IF(3=2,0,1),1)))*(1-INDEX(Vacancy,3))*(1+IF($D45="Full-time",INDEX(BenFT,3),INDEX(BenPT,3))+INDEX(TaxRate,3)) -> 21511.738
A46: Meal Delivery Driver | B46: Senior Connections | C46: Filled | D46: Part-time | E46: 0.75 | F46: 34000 | G46: 1 | H46: All | I46: =13-G46 -> 12 | J46: =IF($H46="All",1,IF($H46="Growth only",IF(ScenNo=3,1,0),IF($H46="Not in Conservative",IF(ScenNo=2,0,1),1))) -> 1 | K46: =$F46*$E46*(1+INDEX(Raise,ScenNo))*$I46/12*$J46*(1-INDEX(Vacancy,ScenNo)) -> 25739.7 | L46: =K46*IF($D46="Full-time",INDEX(BenFT,ScenNo),INDEX(BenPT,ScenNo)) -> 514.794 | M46: =K46*INDEX(TaxRate,ScenNo) -> 2033.4363 | N46: =SUM(K46:M46) -> 28287.93 | Q46: 1 | T46: =IF(ROUND(SUM(O46:S46),4)=1,"OK","Fix") -> OK | U46: =$F46*$E46*(1+INDEX(Raise,1))*$I46/12*IF($H46="All",1,IF($H46="Growth only",IF(1=3,1,0),IF($H46="Not in Conservative",IF(1=2,0,1),1)))*(1-INDEX(Vacancy,1))*(1+IF($D46="Full-time",INDEX(BenFT,1),INDEX(BenPT,1))+INDEX(TaxRate,1)) -> 28287.93 | V46: =$F46*$E46*(1+INDEX(Raise,2))*$I46/12*IF($H46="All",1,IF($H46="Growth only",IF(2=3,1,0),IF($H46="Not in Conservative",IF(2=2,0,1),1)))*(1-INDEX(Vacancy,2))*(1+IF($D46="Full-time",INDEX(BenFT,2),INDEX(BenPT,2))+INDEX(TaxRate,2)) -> 27727.44 | W46: =$F46*$E46*(1+INDEX(Raise,3))*$I46/12*IF($H46="All",1,IF($H46="Growth only",IF(3=3,1,0),IF($H46="Not in Conservative",IF(3=2,0,1),1)))*(1-INDEX(Vacancy,3))*(1+IF($D46="Full-time",INDEX(BenFT,3),INDEX(BenPT,3))+INDEX(TaxRate,3)) -> 28570.277
A47: Meal Delivery Driver | B47: Senior Connections | C47: Filled | D47: Part-time | E47: 0.75 | F47: 34000 | G47: 1 | H47: All | I47: =13-G47 -> 12 | J47: =IF($H47="All",1,IF($H47="Growth only",IF(ScenNo=3,1,0),IF($H47="Not in Conservative",IF(ScenNo=2,0,1),1))) -> 1 | K47: =$F47*$E47*(1+INDEX(Raise,ScenNo))*$I47/12*$J47*(1-INDEX(Vacancy,ScenNo)) -> 25739.7 | L47: =K47*IF($D47="Full-time",INDEX(BenFT,ScenNo),INDEX(BenPT,ScenNo)) -> 514.794 | M47: =K47*INDEX(TaxRate,ScenNo) -> 2033.4363 | N47: =SUM(K47:M47) -> 28287.93 | Q47: 1 | T47: =IF(ROUND(SUM(O47:S47),4)=1,"OK","Fix") -> OK | U47: =$F47*$E47*(1+INDEX(Raise,1))*$I47/12*IF($H47="All",1,IF($H47="Growth only",IF(1=3,1,0),IF($H47="Not in Conservative",IF(1=2,0,1),1)))*(1-INDEX(Vacancy,1))*(1+IF($D47="Full-time",INDEX(BenFT,1),INDEX(BenPT,1))+INDEX(TaxRate,1)) -> 28287.93 | V47: =$F47*$E47*(1+INDEX(Raise,2))*$I47/12*IF($H47="All",1,IF($H47="Growth only",IF(2=3,1,0),IF($H47="Not in Conservative",IF(2=2,0,1),1)))*(1-INDEX(Vacancy,2))*(1+IF($D47="Full-time",INDEX(BenFT,2),INDEX(BenPT,2))+INDEX(TaxRate,2)) -> 27727.44 | W47: =$F47*$E47*(1+INDEX(Raise,3))*$I47/12*IF($H47="All",1,IF($H47="Growth only",IF(3=3,1,0),IF($H47="Not in Conservative",IF(3=2,0,1),1)))*(1-INDEX(Vacancy,3))*(1+IF($D47="Full-time",INDEX(BenFT,3),INDEX(BenPT,3))+INDEX(TaxRate,3)) -> 28570.277
A48: Meal Delivery Driver | B48: Senior Connections | C48: Filled | D48: Part-time | E48: 0.75 | F48: 34000 | G48: 1 | H48: All | I48: =13-G48 -> 12 | J48: =IF($H48="All",1,IF($H48="Growth only",IF(ScenNo=3,1,0),IF($H48="Not in Conservative",IF(ScenNo=2,0,1),1))) -> 1 | K48: =$F48*$E48*(1+INDEX(Raise,ScenNo))*$I48/12*$J48*(1-INDEX(Vacancy,ScenNo)) -> 25739.7 | L48: =K48*IF($D48="Full-time",INDEX(BenFT,ScenNo),INDEX(BenPT,ScenNo)) -> 514.794 | M48: =K48*INDEX(TaxRate,ScenNo) -> 2033.4363 | N48: =SUM(K48:M48) -> 28287.93 | Q48: 1 | T48: =IF(ROUND(SUM(O48:S48),4)=1,"OK","Fix") -> OK | U48: =$F48*$E48*(1+INDEX(Raise,1))*$I48/12*IF($H48="All",1,IF($H48="Growth only",IF(1=3,1,0),IF($H48="Not in Conservative",IF(1=2,0,1),1)))*(1-INDEX(Vacancy,1))*(1+IF($D48="Full-time",INDEX(BenFT,1),INDEX(BenPT,1))+INDEX(TaxRate,1)) -> 28287.93 | V48: =$F48*$E48*(1+INDEX(Raise,2))*$I48/12*IF($H48="All",1,IF($H48="Growth only",IF(2=3,1,0),IF($H48="Not in Conservative",IF(2=2,0,1),1)))*(1-INDEX(Vacancy,2))*(1+IF($D48="Full-time",INDEX(BenFT,2),INDEX(BenPT,2))+INDEX(TaxRate,2)) -> 27727.44 | W48: =$F48*$E48*(1+INDEX(Raise,3))*$I48/12*IF($H48="All",1,IF($H48="Growth only",IF(3=3,1,0),IF($H48="Not in Conservative",IF(3=2,0,1),1)))*(1-INDEX(Vacancy,3))*(1+IF($D48="Full-time",INDEX(BenFT,3),INDEX(BenPT,3))+INDEX(TaxRate,3)) -> 28570.277
A49: Senior Case Manager | B49: Senior Connections | C49: Filled | D49: Full-time | E49: 1 | F49: 47000 | G49: 1 | H49: All | I49: =13-G49 -> 12 | J49: =IF($H49="All",1,IF($H49="Growth only",IF(ScenNo=3,1,0),IF($H49="Not in Conservative",IF(ScenNo=2,0,1),1))) -> 1 | K49: =$F49*$E49*(1+INDEX(Raise,ScenNo))*$I49/12*$J49*(1-INDEX(Vacancy,ScenNo)) -> 47441.8 | L49: =K49*IF($D49="Full-time",INDEX(BenFT,ScenNo),INDEX(BenPT,ScenNo)) -> 8776.733 | M49: =K49*INDEX(TaxRate,ScenNo) -> 3747.9022 | N49: =SUM(K49:M49) -> 59966.435 | Q49: 1 | T49: =IF(ROUND(SUM(O49:S49),4)=1,"OK","Fix") -> OK | U49: =$F49*$E49*(1+INDEX(Raise,1))*$I49/12*IF($H49="All",1,IF($H49="Growth only",IF(1=3,1,0),IF($H49="Not in Conservative",IF(1=2,0,1),1)))*(1-INDEX(Vacancy,1))*(1+IF($D49="Full-time",INDEX(BenFT,1),INDEX(BenPT,1))+INDEX(TaxRate,1)) -> 59966.435 | V49: =$F49*$E49*(1+INDEX(Raise,2))*$I49/12*IF($H49="All",1,IF($H49="Growth only",IF(2=3,1,0),IF($H49="Not in Conservative",IF(2=2,0,1),1)))*(1-INDEX(Vacancy,2))*(1+IF($D49="Full-time",INDEX(BenFT,2),INDEX(BenPT,2))+INDEX(TaxRate,2)) -> 59243.293 | W49: =$F49*$E49*(1+INDEX(Raise,3))*$I49/12*IF($H49="All",1,IF($H49="Growth only",IF(3=3,1,0),IF($H49="Not in Conservative",IF(3=2,0,1),1)))*(1-INDEX(Vacancy,3))*(1+IF($D49="Full-time",INDEX(BenFT,3),INDEX(BenPT,3))+INDEX(TaxRate,3)) -> 60564.971
A50: Senior Center Site Coordinator | B50: Senior Connections | C50: Filled | D50: Full-time | E50: 1 | F50: 45000 | G50: 1 | H50: All | I50: =13-G50 -> 12 | J50: =IF($H50="All",1,IF($H50="Growth only",IF(ScenNo=3,1,0),IF($H50="Not in Conservative",IF(ScenNo=2,0,1),1))) -> 1 | K50: =$F50*$E50*(1+INDEX(Raise,ScenNo))*$I50/12*$J50*(1-INDEX(Vacancy,ScenNo)) -> 45423 | L50: =K50*IF($D50="Full-time",INDEX(BenFT,ScenNo),INDEX(BenPT,ScenNo)) -> 8403.255 | M50: =K50*INDEX(TaxRate,ScenNo) -> 3588.417 | N50: =SUM(K50:M50) -> 57414.672 | Q50: 1 | T50: =IF(ROUND(SUM(O50:S50),4)=1,"OK","Fix") -> OK | U50: =$F50*$E50*(1+INDEX(Raise,1))*$I50/12*IF($H50="All",1,IF($H50="Growth only",IF(1=3,1,0),IF($H50="Not in Conservative",IF(1=2,0,1),1)))*(1-INDEX(Vacancy,1))*(1+IF($D50="Full-time",INDEX(BenFT,1),INDEX(BenPT,1))+INDEX(TaxRate,1)) -> 57414.672 | V50: =$F50*$E50*(1+INDEX(Raise,2))*$I50/12*IF($H50="All",1,IF($H50="Growth only",IF(2=3,1,0),IF($H50="Not in Conservative",IF(2=2,0,1),1)))*(1-INDEX(Vacancy,2))*(1+IF($D50="Full-time",INDEX(BenFT,2),INDEX(BenPT,2))+INDEX(TaxRate,2)) -> 56722.302 | W50: =$F50*$E50*(1+INDEX(Raise,3))*$I50/12*IF($H50="All",1,IF($H50="Growth only",IF(3=3,1,0),IF($H50="Not in Conservative",IF(3=2,0,1),1)))*(1-INDEX(Vacancy,3))*(1+IF($D50="Full-time",INDEX(BenFT,3),INDEX(BenPT,3))+INDEX(TaxRate,3)) -> 57987.738
A51: Meal Delivery Driver | B51: Senior Connections | C51: Filled | D51: Part-time | E51: 0.75 | F51: 34000 | G51: 1 | H51: All | I51: =13-G51 -> 12 | J51: =IF($H51="All",1,IF($H51="Growth only",IF(ScenNo=3,1,0),IF($H51="Not in Conservative",IF(ScenNo=2,0,1),1))) -> 1 | K51: =$F51*$E51*(1+INDEX(Raise,ScenNo))*$I51/12*$J51*(1-INDEX(Vacancy,ScenNo)) -> 25739.7 | L51: =K51*IF($D51="Full-time",INDEX(BenFT,ScenNo),INDEX(BenPT,ScenNo)) -> 514.794 | M51: =K51*INDEX(TaxRate,ScenNo) -> 2033.4363 | N51: =SUM(K51:M51) -> 28287.93 | Q51: 1 | T51: =IF(ROUND(SUM(O51:S51),4)=1,"OK","Fix") -> OK | U51: =$F51*$E51*(1+INDEX(Raise,1))*$I51/12*IF($H51="All",1,IF($H51="Growth only",IF(1=3,1,0),IF($H51="Not in Conservative",IF(1=2,0,1),1)))*(1-INDEX(Vacancy,1))*(1+IF($D51="Full-time",INDEX(BenFT,1),INDEX(BenPT,1))+INDEX(TaxRate,1)) -> 28287.93 | V51: =$F51*$E51*(1+INDEX(Raise,2))*$I51/12*IF($H51="All",1,IF($H51="Growth only",IF(2=3,1,0),IF($H51="Not in Conservative",IF(2=2,0,1),1)))*(1-INDEX(Vacancy,2))*(1+IF($D51="Full-time",INDEX(BenFT,2),INDEX(BenPT,2))+INDEX(TaxRate,2)) -> 27727.44 | W51: =$F51*$E51*(1+INDEX(Raise,3))*$I51/12*IF($H51="All",1,IF($H51="Growth only",IF(3=3,1,0),IF($H51="Not in Conservative",IF(3=2,0,1),1)))*(1-INDEX(Vacancy,3))*(1+IF($D51="Full-time",INDEX(BenFT,3),INDEX(BenPT,3))+INDEX(TaxRate,3)) -> 28570.277
A52: Wellness Check Coordinator | B52: Senior Connections | C52: Filled | D52: Full-time | E52: 1 | F52: 44000 | G52: 1 | H52: All | I52: =13-G52 -> 12 | J52: =IF($H52="All",1,IF($H52="Growth only",IF(ScenNo=3,1,0),IF($H52="Not in Conservative",IF(ScenNo=2,0,1),1))) -> 1 | K52: =$F52*$E52*(1+INDEX(Raise,ScenNo))*$I52/12*$J52*(1-INDEX(Vacancy,ScenNo)) -> 44413.6 | L52: =K52*IF($D52="Full-time",INDEX(BenFT,ScenNo),INDEX(BenPT,ScenNo)) -> 8216.516 | M52: =K52*INDEX(TaxRate,ScenNo) -> 3508.6744 | N52: =SUM(K52:M52) -> 56138.79 | Q52: 1 | T52: =IF(ROUND(SUM(O52:S52),4)=1,"OK","Fix") -> OK | U52: =$F52*$E52*(1+INDEX(Raise,1))*$I52/12*IF($H52="All",1,IF($H52="Growth only",IF(1=3,1,0),IF($H52="Not in Conservative",IF(1=2,0,1),1)))*(1-INDEX(Vacancy,1))*(1+IF($D52="Full-time",INDEX(BenFT,1),INDEX(BenPT,1))+INDEX(TaxRate,1)) -> 56138.79 | V52: =$F52*$E52*(1+INDEX(Raise,2))*$I52/12*IF($H52="All",1,IF($H52="Growth only",IF(2=3,1,0),IF($H52="Not in Conservative",IF(2=2,0,1),1)))*(1-INDEX(Vacancy,2))*(1+IF($D52="Full-time",INDEX(BenFT,2),INDEX(BenPT,2))+INDEX(TaxRate,2)) -> 55461.806 | W52: =$F52*$E52*(1+INDEX(Raise,3))*$I52/12*IF($H52="All",1,IF($H52="Growth only",IF(3=3,1,0),IF($H52="Not in Conservative",IF(3=2,0,1),1)))*(1-INDEX(Vacancy,3))*(1+IF($D52="Full-time",INDEX(BenFT,3),INDEX(BenPT,3))+INDEX(TaxRate,3)) -> 56699.122
A53: Volunteer Coordinator | B53: Senior Connections | C53: Filled | D53: Part-time | E53: 0.5 | F53: 44000 | G53: 1 | H53: All | I53: =13-G53 -> 12 | J53: =IF($H53="All",1,IF($H53="Growth only",IF(ScenNo=3,1,0),IF($H53="Not in Conservative",IF(ScenNo=2,0,1),1))) -> 1 | K53: =$F53*$E53*(1+INDEX(Raise,ScenNo))*$I53/12*$J53*(1-INDEX(Vacancy,ScenNo)) -> 22206.8 | L53: =K53*IF($D53="Full-time",INDEX(BenFT,ScenNo),INDEX(BenPT,ScenNo)) -> 444.136 | M53: =K53*INDEX(TaxRate,ScenNo) -> 1754.3372 | N53: =SUM(K53:M53) -> 24405.273 | Q53: 0.7 | S53: 0.3 | T53: =IF(ROUND(SUM(O53:S53),4)=1,"OK","Fix") -> OK | U53: =$F53*$E53*(1+INDEX(Raise,1))*$I53/12*IF($H53="All",1,IF($H53="Growth only",IF(1=3,1,0),IF($H53="Not in Conservative",IF(1=2,0,1),1)))*(1-INDEX(Vacancy,1))*(1+IF($D53="Full-time",INDEX(BenFT,1),INDEX(BenPT,1))+INDEX(TaxRate,1)) -> 24405.273 | V53: =$F53*$E53*(1+INDEX(Raise,2))*$I53/12*IF($H53="All",1,IF($H53="Growth only",IF(2=3,1,0),IF($H53="Not in Conservative",IF(2=2,0,1),1)))*(1-INDEX(Vacancy,2))*(1+IF($D53="Full-time",INDEX(BenFT,2),INDEX(BenPT,2))+INDEX(TaxRate,2)) -> 23921.713 | W53: =$F53*$E53*(1+INDEX(Raise,3))*$I53/12*IF($H53="All",1,IF($H53="Growth only",IF(3=3,1,0),IF($H53="Not in Conservative",IF(3=2,0,1),1)))*(1-INDEX(Vacancy,3))*(1+IF($D53="Full-time",INDEX(BenFT,3),INDEX(BenPT,3))+INDEX(TaxRate,3)) -> 24648.867
A54: Community Health Worker | B54: Senior Connections | C54: New | D54: Part-time | E54: 0.5 | F54: 46000 | G54: 4 | H54: Growth only | I54: =13-G54 -> 9 | J54: =IF($H54="All",1,IF($H54="Growth only",IF(ScenNo=3,1,0),IF($H54="Not in Conservative",IF(ScenNo=2,0,1),1))) -> 0 | K54: =$F54*$E54*(1+INDEX(Raise,ScenNo))*$I54/12*$J54*(1-INDEX(Vacancy,ScenNo)) -> 0 | L54: =K54*IF($D54="Full-time",INDEX(BenFT,ScenNo),INDEX(BenPT,ScenNo)) -> 0 | M54: =K54*INDEX(TaxRate,ScenNo) -> 0 | N54: =SUM(K54:M54) -> 0 | Q54: 1 | T54: =IF(ROUND(SUM(O54:S54),4)=1,"OK","Fix") -> OK | U54: =$F54*$E54*(1+INDEX(Raise,1))*$I54/12*IF($H54="All",1,IF($H54="Growth only",IF(1=3,1,0),IF($H54="Not in Conservative",IF(1=2,0,1),1)))*(1-INDEX(Vacancy,1))*(1+IF($D54="Full-time",INDEX(BenFT,1),INDEX(BenPT,1))+INDEX(TaxRate,1)) -> 0 | V54: =$F54*$E54*(1+INDEX(Raise,2))*$I54/12*IF($H54="All",1,IF($H54="Growth only",IF(2=3,1,0),IF($H54="Not in Conservative",IF(2=2,0,1),1)))*(1-INDEX(Vacancy,2))*(1+IF($D54="Full-time",INDEX(BenFT,2),INDEX(BenPT,2))+INDEX(TaxRate,2)) -> 0 | W54: =$F54*$E54*(1+INDEX(Raise,3))*$I54/12*IF($H54="All",1,IF($H54="Growth only",IF(3=3,1,0),IF($H54="Not in Conservative",IF(3=2,0,1),1)))*(1-INDEX(Vacancy,3))*(1+IF($D54="Full-time",INDEX(BenFT,3),INDEX(BenPT,3))+INDEX(TaxRate,3)) -> 19326.952
A55: Total personnel | E55: =SUMPRODUCT(E6:E54,J6:J54) -> 41.8 | K55: =SUM(K6:K54) -> 2167518.3 | L55: =SUM(L6:L54) -> 347936.06 | M55: =SUM(M6:M54) -> 171233.94 | N55: =SUM(N6:N54) -> 2686688.3 | U55: =SUM(U6:U54) -> 2686688.3 | V55: =SUM(V6:V54) -> 2590624.9 | W55: =SUM(W6:W54) -> 2811115
A56: FTE shown in the total counts only positions included in the scenario.
A58: Personnel by function, scenario shown
A59: Function | B59: Salaries | C59: Benefits and taxes | D59: Total | E59: FTE | F59: Share of FTE
A60: Housing Stability | B60: =SUMPRODUCT($K$6:$K$54,O$6:O$54) -> 644411.05 | C60: =SUMPRODUCT($L$6:$L$54+$M$6:$M$54,O$6:O$54) -> 166835.14 | D60: =B60+C60 -> 811246.19 | E60: =SUMPRODUCT($E$6:$E$54,$J$6:$J$54,O$6:O$54) -> 13.29 | F60: =IF($E$65=0,0,E60/$E$65) -> 0.31794258
A61: Workforce Pathways | B61: =SUMPRODUCT($K$6:$K$54,P$6:P$54) -> 453072.55 | C61: =SUMPRODUCT($L$6:$L$54+$M$6:$M$54,P$6:P$54) -> 106620.18 | D61: =B61+C61 -> 559692.73 | E61: =SUMPRODUCT($E$6:$E$54,$J$6:$J$54,P$6:P$54) -> 8.98 | F61: =IF($E$65=0,0,E61/$E$65) -> 0.21483254
A62: Senior Connections | B62: =SUMPRODUCT($K$6:$K$54,Q$6:Q$54) -> 493263.5 | C62: =SUMPRODUCT($L$6:$L$54+$M$6:$M$54,Q$6:Q$54) -> 104272.92 | D62: =B62+C62 -> 597536.42 | E62: =SUMPRODUCT($E$6:$E$54,$J$6:$J$54,Q$6:Q$54) -> 11.18 | F62: =IF($E$65=0,0,E62/$E$65) -> 0.26746411
A63: Management and General | B63: =SUMPRODUCT($K$6:$K$54,R$6:R$54) -> 365604.68 | C63: =SUMPRODUCT($L$6:$L$54+$M$6:$M$54,R$6:R$54) -> 89391.253 | D63: =B63+C63 -> 454995.93 | E63: =SUMPRODUCT($E$6:$E$54,$J$6:$J$54,R$6:R$54) -> 5.1 | F63: =IF($E$65=0,0,E63/$E$65) -> 0.12200957
A64: Fundraising | B64: =SUMPRODUCT($K$6:$K$54,S$6:S$54) -> 211166.48 | C64: =SUMPRODUCT($L$6:$L$54+$M$6:$M$54,S$6:S$54) -> 52050.519 | D64: =B64+C64 -> 263217 | E64: =SUMPRODUCT($E$6:$E$54,$J$6:$J$54,S$6:S$54) -> 3.25 | F64: =IF($E$65=0,0,E64/$E$65) -> 0.077751196
A65: Total | B65: =SUM(B60:B64) -> 2167518.3 | C65: =SUM(C60:C64) -> 519170 | D65: =SUM(D60:D64) -> 2686688.3 | E65: =SUM(E60:E64) -> 41.8 | F65: =SUM(F60:F64) -> 1
A66: Check: agrees to position total | D66: =IF(ABS(D65-N55)<1,"Agrees","Does not agree") -> Agrees

Sheet Non-Personnel
A1: Non-Personnel Expenses by Program
A2: Enter base-year amounts by program in the blue cells. The cost type decides how each line moves between scenarios. Shared costs are spread by FTE.
A3: Sample data. All names, organizations, and figures are fictional.
A5: Expense line | B5: Cost type | C5: FY2026 projected | D5: Housing | E5: Workforce | F5: Senior | G5: Mgmt and general | H5: Fund-raising | I5: Shared costs | J5: Base-year total | K5: Scenario factor | L5: Scenario shown | M5: Change from FY2026 | N5: Base | O5: Conservative | P5: Growth
A6: Direct client assistance | B6: Volume | C6: 557344 | D6: 512000 | E6: 46000 | J6: =SUM(D6:I6) -> 558000 | K6: =IF($B6="Fixed",1,IF($B6="Inflation",1+INDEX(Infl,ScenNo),IF($B6="Volume",INDEX(Volume,ScenNo),INDEX(Volume,ScenNo)*(1+INDEX(Infl,ScenNo))))) -> 1 | L6: =J6*K6 -> 558000 | M6: =L6-C6 -> 656 | N6: =$J6*IF($B6="Fixed",1,IF($B6="Inflation",1+INDEX(Infl,1),IF($B6="Volume",INDEX(Volume,1),INDEX(Volume,1)*(1+INDEX(Infl,1))))) -> 558000 | O6: =$J6*IF($B6="Fixed",1,IF($B6="Inflation",1+INDEX(Infl,2),IF($B6="Volume",INDEX(Volume,2),INDEX(Volume,2)*(1+INDEX(Infl,2))))) -> 513360 | P6: =$J6*IF($B6="Fixed",1,IF($B6="Inflation",1+INDEX(Infl,3),IF($B6="Volume",INDEX(Volume,3),INDEX(Volume,3)*(1+INDEX(Infl,3))))) -> 624960
A7: Food and meal supplies | B7: Volume and inflation | C7: 231601 | D7: 11000 | F7: 215000 | J7: =SUM(D7:I7) -> 226000 | K7: =IF($B7="Fixed",1,IF($B7="Inflation",1+INDEX(Infl,ScenNo),IF($B7="Volume",INDEX(Volume,ScenNo),INDEX(Volume,ScenNo)*(1+INDEX(Infl,ScenNo))))) -> 1.03 | L7: =J7*K7 -> 232780 | M7: =L7-C7 -> 1179 | N7: =$J7*IF($B7="Fixed",1,IF($B7="Inflation",1+INDEX(Infl,1),IF($B7="Volume",INDEX(Volume,1),INDEX(Volume,1)*(1+INDEX(Infl,1))))) -> 232780 | O7: =$J7*IF($B7="Fixed",1,IF($B7="Inflation",1+INDEX(Infl,2),IF($B7="Volume",INDEX(Volume,2),INDEX(Volume,2)*(1+INDEX(Infl,2))))) -> 216236.8 | P7: =$J7*IF($B7="Fixed",1,IF($B7="Inflation",1+INDEX(Infl,3),IF($B7="Volume",INDEX(Volume,3),INDEX(Volume,3)*(1+INDEX(Infl,3))))) -> 260713.6
A8: Program supplies | B8: Inflation | C8: 62423 | D8: 18500 | E8: 27000 | F8: 15500 | J8: =SUM(D8:I8) -> 61000 | K8: =IF($B8="Fixed",1,IF($B8="Inflation",1+INDEX(Infl,ScenNo),IF($B8="Volume",INDEX(Volume,ScenNo),INDEX(Volume,ScenNo)*(1+INDEX(Infl,ScenNo))))) -> 1.03 | L8: =J8*K8 -> 62830 | M8: =L8-C8 -> 407 | N8: =$J8*IF($B8="Fixed",1,IF($B8="Inflation",1+INDEX(Infl,1),IF($B8="Volume",INDEX(Volume,1),INDEX(Volume,1)*(1+INDEX(Infl,1))))) -> 62830 | O8: =$J8*IF($B8="Fixed",1,IF($B8="Inflation",1+INDEX(Infl,2),IF($B8="Volume",INDEX(Volume,2),INDEX(Volume,2)*(1+INDEX(Infl,2))))) -> 63440 | P8: =$J8*IF($B8="Fixed",1,IF($B8="Inflation",1+INDEX(Infl,3),IF($B8="Volume",INDEX(Volume,3),INDEX(Volume,3)*(1+INDEX(Infl,3))))) -> 62830
A9: Audit and accounting | B9: Fixed | C9: 37868 | G9: 39500 | J9: =SUM(D9:I9) -> 39500 | K9: =IF($B9="Fixed",1,IF($B9="Inflation",1+INDEX(Infl,ScenNo),IF($B9="Volume",INDEX(Volume,ScenNo),INDEX(Volume,ScenNo)*(1+INDEX(Infl,ScenNo))))) -> 1 | L9: =J9*K9 -> 39500 | M9: =L9-C9 -> 1632 | N9: =$J9*IF($B9="Fixed",1,IF($B9="Inflation",1+INDEX(Infl,1),IF($B9="Volume",INDEX(Volume,1),INDEX(Volume,1)*(1+INDEX(Infl,1))))) -> 39500 | O9: =$J9*IF($B9="Fixed",1,IF($B9="Inflation",1+INDEX(Infl,2),IF($B9="Volume",INDEX(Volume,2),INDEX(Volume,2)*(1+INDEX(Infl,2))))) -> 39500 | P9: =$J9*IF($B9="Fixed",1,IF($B9="Inflation",1+INDEX(Infl,3),IF($B9="Volume",INDEX(Volume,3),INDEX(Volume,3)*(1+INDEX(Infl,3))))) -> 39500
A10: Contract services | B10: Inflation | C10: 115996 | D10: 13000 | E10: 26000 | G10: 34000 | H10: 14000 | J10: =SUM(D10:I10) -> 87000 | K10: =IF($B10="Fixed",1,IF($B10="Inflation",1+INDEX(Infl,ScenNo),IF($B10="Volume",INDEX(Volume,ScenNo),INDEX(Volume,ScenNo)*(1+INDEX(Infl,ScenNo))))) -> 1.03 | L10: =J10*K10 -> 89610 | M10: =L10-C10 -> -26386 | N10: =$J10*IF($B10="Fixed",1,IF($B10="Inflation",1+INDEX(Infl,1),IF($B10="Volume",INDEX(Volume,1),INDEX(Volume,1)*(1+INDEX(Infl,1))))) -> 89610 | O10: =$J10*IF($B10="Fixed",1,IF($B10="Inflation",1+INDEX(Infl,2),IF($B10="Volume",INDEX(Volume,2),INDEX(Volume,2)*(1+INDEX(Infl,2))))) -> 90480 | P10: =$J10*IF($B10="Fixed",1,IF($B10="Inflation",1+INDEX(Infl,3),IF($B10="Volume",INDEX(Volume,3),INDEX(Volume,3)*(1+INDEX(Infl,3))))) -> 89610
A11: Occupancy | B11: Inflation | C11: 167879 | I11: 166000 | J11: =SUM(D11:I11) -> 166000 | K11: =IF($B11="Fixed",1,IF($B11="Inflation",1+INDEX(Infl,ScenNo),IF($B11="Volume",INDEX(Volume,ScenNo),INDEX(Volume,ScenNo)*(1+INDEX(Infl,ScenNo))))) -> 1.03 | L11: =J11*K11 -> 170980 | M11: =L11-C11 -> 3101 | N11: =$J11*IF($B11="Fixed",1,IF($B11="Inflation",1+INDEX(Infl,1),IF($B11="Volume",INDEX(Volume,1),INDEX(Volume,1)*(1+INDEX(Infl,1))))) -> 170980 | O11: =$J11*IF($B11="Fixed",1,IF($B11="Inflation",1+INDEX(Infl,2),IF($B11="Volume",INDEX(Volume,2),INDEX(Volume,2)*(1+INDEX(Infl,2))))) -> 172640 | P11: =$J11*IF($B11="Fixed",1,IF($B11="Inflation",1+INDEX(Infl,3),IF($B11="Volume",INDEX(Volume,3),INDEX(Volume,3)*(1+INDEX(Infl,3))))) -> 170980
A12: Technology and software | B12: Inflation | C12: 83980 | I12: 82000 | J12: =SUM(D12:I12) -> 82000 | K12: =IF($B12="Fixed",1,IF($B12="Inflation",1+INDEX(Infl,ScenNo),IF($B12="Volume",INDEX(Volume,ScenNo),INDEX(Volume,ScenNo)*(1+INDEX(Infl,ScenNo))))) -> 1.03 | L12: =J12*K12 -> 84460 | M12: =L12-C12 -> 480 | N12: =$J12*IF($B12="Fixed",1,IF($B12="Inflation",1+INDEX(Infl,1),IF($B12="Volume",INDEX(Volume,1),INDEX(Volume,1)*(1+INDEX(Infl,1))))) -> 84460 | O12: =$J12*IF($B12="Fixed",1,IF($B12="Inflation",1+INDEX(Infl,2),IF($B12="Volume",INDEX(Volume,2),INDEX(Volume,2)*(1+INDEX(Infl,2))))) -> 85280 | P12: =$J12*IF($B12="Fixed",1,IF($B12="Inflation",1+INDEX(Infl,3),IF($B12="Volume",INDEX(Volume,3),INDEX(Volume,3)*(1+INDEX(Infl,3))))) -> 84460
A13: Insurance | B13: Inflation | C13: 58044 | I13: 61000 | J13: =SUM(D13:I13) -> 61000 | K13: =IF($B13="Fixed",1,IF($B13="Inflation",1+INDEX(Infl,ScenNo),IF($B13="Volume",INDEX(Volume,ScenNo),INDEX(Volume,ScenNo)*(1+INDEX(Infl,ScenNo))))) -> 1.03 | L13: =J13*K13 -> 62830 | M13: =L13-C13 -> 4786 | N13: =$J13*IF($B13="Fixed",1,IF($B13="Inflation",1+INDEX(Infl,1),IF($B13="Volume",INDEX(Volume,1),INDEX(Volume,1)*(1+INDEX(Infl,1))))) -> 62830 | O13: =$J13*IF($B13="Fixed",1,IF($B13="Inflation",1+INDEX(Infl,2),IF($B13="Volume",INDEX(Volume,2),INDEX(Volume,2)*(1+INDEX(Infl,2))))) -> 63440 | P13: =$J13*IF($B13="Fixed",1,IF($B13="Inflation",1+INDEX(Infl,3),IF($B13="Volume",INDEX(Volume,3),INDEX(Volume,3)*(1+INDEX(Infl,3))))) -> 62830
A14: Travel, mileage, and vehicles | B14: Inflation | C14: 71809 | D14: 21000 | E14: 10500 | F14: 31500 | G14: 3500 | H14: 3500 | J14: =SUM(D14:I14) -> 70000 | K14: =IF($B14="Fixed",1,IF($B14="Inflation",1+INDEX(Infl,ScenNo),IF($B14="Volume",INDEX(Volume,ScenNo),INDEX(Volume,ScenNo)*(1+INDEX(Infl,ScenNo))))) -> 1.03 | L14: =J14*K14 -> 72100 | M14: =L14-C14 -> 291 | N14: =$J14*IF($B14="Fixed",1,IF($B14="Inflation",1+INDEX(Infl,1),IF($B14="Volume",INDEX(Volume,1),INDEX(Volume,1)*(1+INDEX(Infl,1))))) -> 72100 | O14: =$J14*IF($B14="Fixed",1,IF($B14="Inflation",1+INDEX(Infl,2),IF($B14="Volume",INDEX(Volume,2),INDEX(Volume,2)*(1+INDEX(Infl,2))))) -> 72800 | P14: =$J14*IF($B14="Fixed",1,IF($B14="Inflation",1+INDEX(Infl,3),IF($B14="Volume",INDEX(Volume,3),INDEX(Volume,3)*(1+INDEX(Infl,3))))) -> 72100
A15: Printing, postage, and marketing | B15: Inflation | C15: 41673 | D15: 4000 | E15: 4000 | F15: 4000 | G15: 4000 | H15: 24500 | J15: =SUM(D15:I15) -> 40500 | K15: =IF($B15="Fixed",1,IF($B15="Inflation",1+INDEX(Infl,ScenNo),IF($B15="Volume",INDEX(Volume,ScenNo),INDEX(Volume,ScenNo)*(1+INDEX(Infl,ScenNo))))) -> 1.03 | L15: =J15*K15 -> 41715 | M15: =L15-C15 -> 42 | N15: =$J15*IF($B15="Fixed",1,IF($B15="Inflation",1+INDEX(Infl,1),IF($B15="Volume",INDEX(Volume,1),INDEX(Volume,1)*(1+INDEX(Infl,1))))) -> 41715 | O15: =$J15*IF($B15="Fixed",1,IF($B15="Inflation",1+INDEX(Infl,2),IF($B15="Volume",INDEX(Volume,2),INDEX(Volume,2)*(1+INDEX(Infl,2))))) -> 42120 | P15: =$J15*IF($B15="Fixed",1,IF($B15="Inflation",1+INDEX(Infl,3),IF($B15="Volume",INDEX(Volume,3),INDEX(Volume,3)*(1+INDEX(Infl,3))))) -> 41715
A16: Staff training | B16: Fixed | C16: 18206 | D16: 5500 | E16: 5500 | F16: 3500 | G16: 2500 | H16: 1000 | J16: =SUM(D16:I16) -> 18000 | K16: =IF($B16="Fixed",1,IF($B16="Inflation",1+INDEX(Infl,ScenNo),IF($B16="Volume",INDEX(Volume,ScenNo),INDEX(Volume,ScenNo)*(1+INDEX(Infl,ScenNo))))) -> 1 | L16: =J16*K16 -> 18000 | M16: =L16-C16 -> -206 | N16: =$J16*IF($B16="Fixed",1,IF($B16="Inflation",1+INDEX(Infl,1),IF($B16="Volume",INDEX(Volume,1),INDEX(Volume,1)*(1+INDEX(Infl,1))))) -> 18000 | O16: =$J16*IF($B16="Fixed",1,IF($B16="Inflation",1+INDEX(Infl,2),IF($B16="Volume",INDEX(Volume,2),INDEX(Volume,2)*(1+INDEX(Infl,2))))) -> 18000 | P16: =$J16*IF($B16="Fixed",1,IF($B16="Inflation",1+INDEX(Infl,3),IF($B16="Volume",INDEX(Volume,3),INDEX(Volume,3)*(1+INDEX(Infl,3))))) -> 18000
A17: Interest | B17: Fixed | C17: 31153 | I17: 29800 | J17: =SUM(D17:I17) -> 29800 | K17: =IF($B17="Fixed",1,IF($B17="Inflation",1+INDEX(Infl,ScenNo),IF($B17="Volume",INDEX(Volume,ScenNo),INDEX(Volume,ScenNo)*(1+INDEX(Infl,ScenNo))))) -> 1 | L17: =J17*K17 -> 29800 | M17: =L17-C17 -> -1353 | N17: =$J17*IF($B17="Fixed",1,IF($B17="Inflation",1+INDEX(Infl,1),IF($B17="Volume",INDEX(Volume,1),INDEX(Volume,1)*(1+INDEX(Infl,1))))) -> 29800 | O17: =$J17*IF($B17="Fixed",1,IF($B17="Inflation",1+INDEX(Infl,2),IF($B17="Volume",INDEX(Volume,2),INDEX(Volume,2)*(1+INDEX(Infl,2))))) -> 29800 | P17: =$J17*IF($B17="Fixed",1,IF($B17="Inflation",1+INDEX(Infl,3),IF($B17="Volume",INDEX(Volume,3),INDEX(Volume,3)*(1+INDEX(Infl,3))))) -> 29800
A18: Depreciation | B18: Fixed | C18: 54000 | I18: 58500 | J18: =SUM(D18:I18) -> 58500 | K18: =IF($B18="Fixed",1,IF($B18="Inflation",1+INDEX(Infl,ScenNo),IF($B18="Volume",INDEX(Volume,ScenNo),INDEX(Volume,ScenNo)*(1+INDEX(Infl,ScenNo))))) -> 1 | L18: =J18*K18 -> 58500 | M18: =L18-C18 -> 4500 | N18: =$J18*IF($B18="Fixed",1,IF($B18="Inflation",1+INDEX(Infl,1),IF($B18="Volume",INDEX(Volume,1),INDEX(Volume,1)*(1+INDEX(Infl,1))))) -> 58500 | O18: =$J18*IF($B18="Fixed",1,IF($B18="Inflation",1+INDEX(Infl,2),IF($B18="Volume",INDEX(Volume,2),INDEX(Volume,2)*(1+INDEX(Infl,2))))) -> 58500 | P18: =$J18*IF($B18="Fixed",1,IF($B18="Inflation",1+INDEX(Infl,3),IF($B18="Volume",INDEX(Volume,3),INDEX(Volume,3)*(1+INDEX(Infl,3))))) -> 58500
A19: Bank fees and other | B19: Fixed | C19: 25700 | G19: 14500 | H19: 10500 | J19: =SUM(D19:I19) -> 25000 | K19: =IF($B19="Fixed",1,IF($B19="Inflation",1+INDEX(Infl,ScenNo),IF($B19="Volume",INDEX(Volume,ScenNo),INDEX(Volume,ScenNo)*(1+INDEX(Infl,ScenNo))))) -> 1 | L19: =J19*K19 -> 25000 | M19: =L19-C19 -> -700 | N19: =$J19*IF($B19="Fixed",1,IF($B19="Inflation",1+INDEX(Infl,1),IF($B19="Volume",INDEX(Volume,1),INDEX(Volume,1)*(1+INDEX(Infl,1))))) -> 25000 | O19: =$J19*IF($B19="Fixed",1,IF($B19="Inflation",1+INDEX(Infl,2),IF($B19="Volume",INDEX(Volume,2),INDEX(Volume,2)*(1+INDEX(Infl,2))))) -> 25000 | P19: =$J19*IF($B19="Fixed",1,IF($B19="Inflation",1+INDEX(Infl,3),IF($B19="Volume",INDEX(Volume,3),INDEX(Volume,3)*(1+INDEX(Infl,3))))) -> 25000
A20: Total non-personnel | C20: =SUM(C6:C19) -> 1557676 | D20: =SUM(D6:D19) -> 585000 | E20: =SUM(E6:E19) -> 119000 | F20: =SUM(F6:F19) -> 269500 | G20: =SUM(G6:G19) -> 98000 | H20: =SUM(H6:H19) -> 53500 | I20: =SUM(I6:I19) -> 397300 | J20: =SUM(J6:J19) -> 1522300 | L20: =SUM(L6:L19) -> 1546105 | M20: =SUM(M6:M19) -> -11571 | N20: =SUM(N6:N19) -> 1546105 | O20: =SUM(O6:O19) -> 1490596.8 | P20: =SUM(P6:P19) -> 1640998.6
A23: Scenario shown, by function, with shared costs spread by FTE
A24: Expense line | B24: Housing | C24: Workforce | D24: Senior | E24: Mgmt and general | F24: Fund-raising | G24: Total
A25: =A6 -> Direct client assistance | B25: =(D6+$I6*INDEX(FTEShare,1))*$K6 -> 512000 | C25: =(E6+$I6*INDEX(FTEShare,2))*$K6 -> 46000 | D25: =(F6+$I6*INDEX(FTEShare,3))*$K6 -> 0 | E25: =(G6+$I6*INDEX(FTEShare,4))*$K6 -> 0 | F25: =(H6+$I6*INDEX(FTEShare,5))*$K6 -> 0 | G25: =SUM(B25:F25) -> 558000
A26: =A7 -> Food and meal supplies | B26: =(D7+$I7*INDEX(FTEShare,1))*$K7 -> 11330 | C26: =(E7+$I7*INDEX(FTEShare,2))*$K7 -> 0 | D26: =(F7+$I7*INDEX(FTEShare,3))*$K7 -> 221450 | E26: =(G7+$I7*INDEX(FTEShare,4))*$K7 -> 0 | F26: =(H7+$I7*INDEX(FTEShare,5))*$K7 -> 0 | G26: =SUM(B26:F26) -> 232780
A27: =A8 -> Program supplies | B27: =(D8+$I8*INDEX(FTEShare,1))*$K8 -> 19055 | C27: =(E8+$I8*INDEX(FTEShare,2))*$K8 -> 27810 | D27: =(F8+$I8*INDEX(FTEShare,3))*$K8 -> 15965 | E27: =(G8+$I8*INDEX(FTEShare,4))*$K8 -> 0 | F27: =(H8+$I8*INDEX(FTEShare,5))*$K8 -> 0 | G27: =SUM(B27:F27) -> 62830
A28: =A9 -> Audit and accounting | B28: =(D9+$I9*INDEX(FTEShare,1))*$K9 -> 0 | C28: =(E9+$I9*INDEX(FTEShare,2))*$K9 -> 0 | D28: =(F9+$I9*INDEX(FTEShare,3))*$K9 -> 0 | E28: =(G9+$I9*INDEX(FTEShare,4))*$K9 -> 39500 | F28: =(H9+$I9*INDEX(FTEShare,5))*$K9 -> 0 | G28: =SUM(B28:F28) -> 39500
A29: =A10 -> Contract services | B29: =(D10+$I10*INDEX(FTEShare,1))*$K10 -> 13390 | C29: =(E10+$I10*INDEX(FTEShare,2))*$K10 -> 26780 | D29: =(F10+$I10*INDEX(FTEShare,3))*$K10 -> 0 | E29: =(G10+$I10*INDEX(FTEShare,4))*$K10 -> 35020 | F29: =(H10+$I10*INDEX(FTEShare,5))*$K10 -> 14420 | G29: =SUM(B29:F29) -> 89610
A30: =A11 -> Occupancy | B30: =(D11+$I11*INDEX(FTEShare,1))*$K11 -> 54361.823 | C30: =(E11+$I11*INDEX(FTEShare,2))*$K11 -> 36732.067 | D30: =(F11+$I11*INDEX(FTEShare,3))*$K11 -> 45731.014 | E30: =(G11+$I11*INDEX(FTEShare,4))*$K11 -> 20861.196 | F30: =(H11+$I11*INDEX(FTEShare,5))*$K11 -> 13293.9 | G30: =SUM(B30:F30) -> 170980
A31: =A12 -> Technology and software | B31: =(D12+$I12*INDEX(FTEShare,1))*$K12 -> 26853.431 | C31: =(E12+$I12*INDEX(FTEShare,2))*$K12 -> 18144.756 | D31: =(F12+$I12*INDEX(FTEShare,3))*$K12 -> 22590.019 | E31: =(G12+$I12*INDEX(FTEShare,4))*$K12 -> 10304.928 | F31: =(H12+$I12*INDEX(FTEShare,5))*$K12 -> 6566.866 | G31: =SUM(B31:F31) -> 84460
A32: =A13 -> Insurance | B32: =(D13+$I13*INDEX(FTEShare,1))*$K13 -> 19976.333 | C32: =(E13+$I13*INDEX(FTEShare,2))*$K13 -> 13497.928 | D32: =(F13+$I13*INDEX(FTEShare,3))*$K13 -> 16804.77 | E32: =(G13+$I13*INDEX(FTEShare,4))*$K13 -> 7665.8612 | F32: =(H13+$I13*INDEX(FTEShare,5))*$K13 -> 4885.1077 | G32: =SUM(B32:F32) -> 62830
A33: =A14 -> Travel, mileage, and vehicles | B33: =(D14+$I14*INDEX(FTEShare,1))*$K14 -> 21630 | C33: =(E14+$I14*INDEX(FTEShare,2))*$K14 -> 10815 | D33: =(F14+$I14*INDEX(FTEShare,3))*$K14 -> 32445 | E33: =(G14+$I14*INDEX(FTEShare,4))*$K14 -> 3605 | F33: =(H14+$I14*INDEX(FTEShare,5))*$K14 -> 3605 | G33: =SUM(B33:F33) -> 72100
A34: =A15 -> Printing, postage, and marketing | B34: =(D15+$I15*INDEX(FTEShare,1))*$K15 -> 4120 | C34: =(E15+$I15*INDEX(FTEShare,2))*$K15 -> 4120 | D34: =(F15+$I15*INDEX(FTEShare,3))*$K15 -> 4120 | E34: =(G15+$I15*INDEX(FTEShare,4))*$K15 -> 4120 | F34: =(H15+$I15*INDEX(FTEShare,5))*$K15 -> 25235 | G34: =SUM(B34:F34) -> 41715
A35: =A16 -> Staff training | B35: =(D16+$I16*INDEX(FTEShare,1))*$K16 -> 5500 | C35: =(E16+$I16*INDEX(FTEShare,2))*$K16 -> 5500 | D35: =(F16+$I16*INDEX(FTEShare,3))*$K16 -> 3500 | E35: =(G16+$I16*INDEX(FTEShare,4))*$K16 -> 2500 | F35: =(H16+$I16*INDEX(FTEShare,5))*$K16 -> 1000 | G35: =SUM(B35:F35) -> 18000
A36: =A17 -> Interest | B36: =(D17+$I17*INDEX(FTEShare,1))*$K17 -> 9474.689 | C36: =(E17+$I17*INDEX(FTEShare,2))*$K17 -> 6402.0096 | D36: =(F17+$I17*INDEX(FTEShare,3))*$K17 -> 7970.4306 | E36: =(G17+$I17*INDEX(FTEShare,4))*$K17 -> 3635.8852 | F36: =(H17+$I17*INDEX(FTEShare,5))*$K17 -> 2316.9856 | G36: =SUM(B36:F36) -> 29800
... A38: =A19 -> Bank fees and other | B38: =(D19+$I19*INDEX(FTEShare,1))*$K19 -> 0 | C38: =(E19+$I19*INDEX(FTEShare,2))*$K19 -> 0 | D38: =(F19+$I19*INDEX(FTEShare,3))*$K19 -> 0 | E38: =(G19+$I19*INDEX(FTEShare,4))*$K19 -> 14500 | F38: =(H19+$I19*INDEX(FTEShare,5))*$K19 -> 10500 | G38: =SUM(B38:F38) -> 25000
A39: Total | B39: =SUM(B25:B38) -> 716290.92 | C39: =SUM(C25:C38) -> 208369.46 | D39: =SUM(D25:D38) -> 386222.89 | E39: =SUM(E25:E38) -> 148850.43 | F39: =SUM(F25:F38) -> 86371.304 | G39: =SUM(G25:G38) -> 1546105
A40: Check: agrees to the scenario total above | G40: =IF(ABS(G39-L20)<1,"Agrees","Does not agree") -> Agrees

Sheet Grant Pipeline
A1: Foundation and Corporate Grant Pipeline
A2: Each request is weighted by the probability for its stage on the Settings sheet. Only the share of each grant that falls in FY2027 is counted.
A3: Sample data. All names, organizations, and figures are fictional.
A5: Funder | B5: Purpose | C5: Restricted | D5: Program | E5: Stage | F5: Request amount | G5: Grant period (months) | H5: Months in FY2027 | I5: FY2027 share | J5: Probability | K5: Weighted, scenario shown | L5: Weighted: Base | M5: Weighted: Conservative | N5: Weighted: Growth
A6: Hartwell Family Foundation | B6: Senior meals expansion, year 2 | C6: Yes | D6: Senior Connections | E6: Renewal likely | F6: 120000 | G6: 12 | H6: 12 | I6: =F6*MIN(H6,G6)/G6 -> 120000 | J6: =INDEX(ProbTable,MATCH(E6,StageNames,0),ScenNo) -> 0.9 | K6: =I6*J6 -> 108000 | L6: =I6*INDEX(ProbTable,MATCH($E6,StageNames,0),1) -> 108000 | M6: =I6*INDEX(ProbTable,MATCH($E6,StageNames,0),2) -> 96000 | N6: =I6*INDEX(ProbTable,MATCH($E6,StageNames,0),3) -> 114000
A7: Bluestone Community Foundation | B7: General operating support | C7: No | D7: General | E7: Awarded | F7: 90000 | G7: 12 | H7: 12 | I7: =F7*MIN(H7,G7)/G7 -> 90000 | J7: =INDEX(ProbTable,MATCH(E7,StageNames,0),ScenNo) -> 1 | K7: =I7*J7 -> 90000 | L7: =I7*INDEX(ProbTable,MATCH($E7,StageNames,0),1) -> 90000 | M7: =I7*INDEX(ProbTable,MATCH($E7,StageNames,0),2) -> 90000 | N7: =I7*INDEX(ProbTable,MATCH($E7,StageNames,0),3) -> 90000
A8: Ashgrove Foundation | B8: Housing navigator, year 2 payment | C8: Yes | D8: Housing Stability | E8: Awarded | F8: 55000 | G8: 12 | H8: 12 | I8: =F8*MIN(H8,G8)/G8 -> 55000 | J8: =INDEX(ProbTable,MATCH(E8,StageNames,0),ScenNo) -> 1 | K8: =I8*J8 -> 55000 | L8: =I8*INDEX(ProbTable,MATCH($E8,StageNames,0),1) -> 55000 | M8: =I8*INDEX(ProbTable,MATCH($E8,StageNames,0),2) -> 55000 | N8: =I8*INDEX(ProbTable,MATCH($E8,StageNames,0),3) -> 55000
A9: Calder Health Fund | B9: Senior wellness checks, new two-year grant | C9: Yes | D9: Senior Connections | E9: Submitted | F9: 100000 | G9: 24 | H9: 12 | I9: =F9*MIN(H9,G9)/G9 -> 50000 | J9: =INDEX(ProbTable,MATCH(E9,StageNames,0),ScenNo) -> 0.5 | K9: =I9*J9 -> 25000 | L9: =I9*INDEX(ProbTable,MATCH($E9,StageNames,0),1) -> 25000 | M9: =I9*INDEX(ProbTable,MATCH($E9,StageNames,0),2) -> 17500 | N9: =I9*INDEX(ProbTable,MATCH($E9,StageNames,0),3) -> 30000
A10: Okafor Charitable Trust | B10: Certification scholarships renewal | C10: Yes | D10: Workforce Pathways | E10: Submitted | F10: 60000 | G10: 12 | H10: 10 | I10: =F10*MIN(H10,G10)/G10 -> 50000 | J10: =INDEX(ProbTable,MATCH(E10,StageNames,0),ScenNo) -> 0.5 | K10: =I10*J10 -> 25000 | L10: =I10*INDEX(ProbTable,MATCH($E10,StageNames,0),1) -> 25000 | M10: =I10*INDEX(ProbTable,MATCH($E10,StageNames,0),2) -> 17500 | N10: =I10*INDEX(ProbTable,MATCH($E10,StageNames,0),3) -> 30000
A11: Tri-County Giving Circle | B11: Digital skills lab, phase two | C11: Yes | D11: Workforce Pathways | E11: Prospect | F11: 40000 | G11: 12 | H11: 9 | I11: =F11*MIN(H11,G11)/G11 -> 30000 | J11: =INDEX(ProbTable,MATCH(E11,StageNames,0),ScenNo) -> 0.2 | K11: =I11*J11 -> 6000 | L11: =I11*INDEX(ProbTable,MATCH($E11,StageNames,0),1) -> 6000 | M11: =I11*INDEX(ProbTable,MATCH($E11,StageNames,0),2) -> 3000 | N11: =I11*INDEX(ProbTable,MATCH($E11,StageNames,0),3) -> 9000
A12: Merriweather Foundation | B12: General operating support | C12: No | D12: General | E12: Renewal likely | F12: 75000 | G12: 12 | H12: 12 | I12: =F12*MIN(H12,G12)/G12 -> 75000 | J12: =INDEX(ProbTable,MATCH(E12,StageNames,0),ScenNo) -> 0.9 | K12: =I12*J12 -> 67500 | L12: =I12*INDEX(ProbTable,MATCH($E12,StageNames,0),1) -> 67500 | M12: =I12*INDEX(ProbTable,MATCH($E12,StageNames,0),2) -> 60000 | N12: =I12*INDEX(ProbTable,MATCH($E12,StageNames,0),3) -> 71250
A13: Pinecrest Health Foundation | B13: Medically tailored meals pilot | C13: Yes | D13: Senior Connections | E13: Submitted | F13: 85000 | G13: 18 | H13: 12 | I13: =F13*MIN(H13,G13)/G13 -> 56666.667 | J13: =INDEX(ProbTable,MATCH(E13,StageNames,0),ScenNo) -> 0.5 | K13: =I13*J13 -> 28333.333 | L13: =I13*INDEX(ProbTable,MATCH($E13,StageNames,0),1) -> 28333.333 | M13: =I13*INDEX(ProbTable,MATCH($E13,StageNames,0),2) -> 19833.333 | N13: =I13*INDEX(ProbTable,MATCH($E13,StageNames,0),3) -> 34000
A14: Redbud Family Fund | B14: Emergency rent fund | C14: Yes | D14: Housing Stability | E14: Renewal likely | F14: 50000 | G14: 12 | H14: 12 | I14: =F14*MIN(H14,G14)/G14 -> 50000 | J14: =INDEX(ProbTable,MATCH(E14,StageNames,0),ScenNo) -> 0.9 | K14: =I14*J14 -> 45000 | L14: =I14*INDEX(ProbTable,MATCH($E14,StageNames,0),1) -> 45000 | M14: =I14*INDEX(ProbTable,MATCH($E14,StageNames,0),2) -> 40000 | N14: =I14*INDEX(ProbTable,MATCH($E14,StageNames,0),3) -> 47500
A15: Harbor Point Bank Foundation | B15: Financial coaching for job seekers | C15: Yes | D15: Workforce Pathways | E15: Submitted | F15: 35000 | G15: 12 | H15: 12 | I15: =F15*MIN(H15,G15)/G15 -> 35000 | J15: =INDEX(ProbTable,MATCH(E15,StageNames,0),ScenNo) -> 0.5 | K15: =I15*J15 -> 17500 | L15: =I15*INDEX(ProbTable,MATCH($E15,StageNames,0),1) -> 17500 | M15: =I15*INDEX(ProbTable,MATCH($E15,StageNames,0),2) -> 12250 | N15: =I15*INDEX(ProbTable,MATCH($E15,StageNames,0),3) -> 21000
A16: Wexford Community Trust | B16: Capacity building: data systems | C16: No | D16: General | E16: Prospect | F16: 30000 | G16: 12 | H16: 12 | I16: =F16*MIN(H16,G16)/G16 -> 30000 | J16: =INDEX(ProbTable,MATCH(E16,StageNames,0),ScenNo) -> 0.2 | K16: =I16*J16 -> 6000 | L16: =I16*INDEX(ProbTable,MATCH($E16,StageNames,0),1) -> 6000 | M16: =I16*INDEX(ProbTable,MATCH($E16,StageNames,0),2) -> 3000 | N16: =I16*INDEX(ProbTable,MATCH($E16,StageNames,0),3) -> 9000
A17: Sutton Utility Cooperative | B17: Winter utility assistance | C17: Yes | D17: Housing Stability | E17: Renewal likely | F17: 25000 | G17: 12 | H17: 12 | I17: =F17*MIN(H17,G17)/G17 -> 25000 | J17: =INDEX(ProbTable,MATCH(E17,StageNames,0),ScenNo) -> 0.9 | K17: =I17*J17 -> 22500 | L17: =I17*INDEX(ProbTable,MATCH($E17,StageNames,0),1) -> 22500 | M17: =I17*INDEX(ProbTable,MATCH($E17,StageNames,0),2) -> 20000 | N17: =I17*INDEX(ProbTable,MATCH($E17,StageNames,0),3) -> 23750
... A19: Elmhurst Corporate Giving | B19: Senior volunteer program | C19: Yes | D19: Senior Connections | E19: Prospect | F19: 15000 | G19: 12 | H19: 12 | I19: =F19*MIN(H19,G19)/G19 -> 15000 | J19: =INDEX(ProbTable,MATCH(E19,StageNames,0),ScenNo) -> 0.2 | K19: =I19*J19 -> 3000 | L19: =I19*INDEX(ProbTable,MATCH($E19,StageNames,0),1) -> 3000 | M19: =I19*INDEX(ProbTable,MATCH($E19,StageNames,0),2) -> 1500 | N19: =I19*INDEX(ProbTable,MATCH($E19,StageNames,0),3) -> 4500
A20: Total | F20: =SUM(F6:F19) -> 840000 | I20: =SUM(I6:I19) -> 704166.67 | K20: =SUM(K6:K19) -> 503333.33 | L20: =SUM(L6:L19) -> 503333.33 | M20: =SUM(M6:M19) -> 437833.33 | N20: =SUM(N6:N19) -> 545750
A23: Pipeline by stage, scenario shown
A24: Stage | B24: Requests | C24: Request amount | D24: FY2027 share | E24: Weighted
A25: Awarded | B25: =COUNTIF($E$6:$E$19,A25) -> 2 | C25: =SUMIFS($F$6:$F$19,$E$6:$E$19,$A25) -> 145000 | D25: =SUMIFS($I$6:$I$19,$E$6:$E$19,$A25) -> 145000 | E25: =SUMIFS($K$6:$K$19,$E$6:$E$19,$A25) -> 145000
A26: Renewal likely | B26: =COUNTIF($E$6:$E$19,A26) -> 4 | C26: =SUMIFS($F$6:$F$19,$E$6:$E$19,$A26) -> 270000 | D26: =SUMIFS($I$6:$I$19,$E$6:$E$19,$A26) -> 270000 | E26: =SUMIFS($K$6:$K$19,$E$6:$E$19,$A26) -> 243000
A27: Submitted | B27: =COUNTIF($E$6:$E$19,A27) -> 4 | C27: =SUMIFS($F$6:$F$19,$E$6:$E$19,$A27) -> 280000 | D27: =SUMIFS($I$6:$I$19,$E$6:$E$19,$A27) -> 191666.67 | E27: =SUMIFS($K$6:$K$19,$E$6:$E$19,$A27) -> 95833.333
A28: Prospect | B28: =COUNTIF($E$6:$E$19,A28) -> 4 | C28: =SUMIFS($F$6:$F$19,$E$6:$E$19,$A28) -> 145000 | D28: =SUMIFS($I$6:$I$19,$E$6:$E$19,$A28) -> 97500 | E28: =SUMIFS($K$6:$K$19,$E$6:$E$19,$A28) -> 19500
A30: Restricted grants are counted as support in the year the money is used for its purpose.

Sheet Revenue
A1: Revenue by Source
A2: FY2026 projected is nine months of actual results plus the remaining three months of budget.
A3: Sample data. All names, organizations, and figures are fictional.
A5: Revenue source | B5: How it is budgeted | C5: FY2026 projected | D5: Base | E5: Conservative | F5: Growth | G5: Scenario shown | H5: Change from FY2026 | I5: Change %
A6: Individual contributions | B6: FY2026 projection plus growth rate | C6: 686654 | D6: =$C6*(1+INDEX(IndivG,1)) -> 714120.16 | E6: =$C6*(1+INDEX(IndivG,2)) -> 666054.38 | F6: =$C6*(1+INDEX(IndivG,3)) -> 741586.32 | G6: =INDEX(D6:F6,ScenNo) -> 714120.16 | H6: =G6-C6 -> 27466.16 | I6: =IF(C6=0,0,H6/ABS(C6)) -> 0.04
A7: Corporate contributions | B7: FY2026 projection plus growth rate | C7: 216308 | D7: =$C7*(1+INDEX(CorpG,1)) -> 222797.24 | E7: =$C7*(1+INDEX(CorpG,2)) -> 205492.6 | F7: =$C7*(1+INDEX(CorpG,3)) -> 229286.48 | G7: =INDEX(D7:F7,ScenNo) -> 222797.24 | H7: =G7-C7 -> 6489.24 | I7: =IF(C7=0,0,H7/ABS(C7)) -> 0.03
A8: Foundation and corporate grants | B8: Probability-weighted pipeline | C8: 655635 | D8: ='Grant Pipeline'!L20 -> 503333.33 | E8: ='Grant Pipeline'!M20 -> 437833.33 | F8: ='Grant Pipeline'!N20 -> 545750 | G8: =INDEX(D8:F8,ScenNo) -> 503333.33 | H8: =G8-C8 -> -152301.67 | I8: =IF(C8=0,0,H8/ABS(C8)) -> -0.23229643
A9: Restricted gifts already received | B9: Balances scheduled for use in FY2027 | D9: =150000 -> 150000 | E9: =150000 -> 150000 | F9: =150000 -> 150000 | G9: =INDEX(D9:F9,ScenNo) -> 150000 | H9: =G9-C9 -> 150000 | I9: =IF(C9=0,0,H9/ABS(C9)) -> 0
A10: Government grants: housing | B10: Contract award plus renewal change | C10: 1177697 | D10: =1180000*(1+INDEX(GovChg,1)) -> 1180000 | E10: =1180000*(1+INDEX(GovChg,2)) -> 1121000 | F10: =1180000*(1+INDEX(GovChg,3)) -> 1227200 | G10: =INDEX(D10:F10,ScenNo) -> 1180000 | H10: =G10-C10 -> 2303 | I10: =IF(C10=0,0,H10/ABS(C10)) -> 0.0019555115
A11: Government grants: workforce | B11: Contract award plus renewal change | C11: 483003 | D11: =520000*(1+INDEX(GovChg,1)) -> 520000 | E11: =520000*(1+INDEX(GovChg,2)) -> 494000 | F11: =520000*(1+INDEX(GovChg,3)) -> 540800 | G11: =INDEX(D11:F11,ScenNo) -> 520000 | H11: =G11-C11 -> 36997 | I11: =IF(C11=0,0,H11/ABS(C11)) -> 0.076597868
A12: Government grants: senior services | B12: Contract award plus renewal change | C12: 409154 | D12: =410000*(1+INDEX(GovChg,1)) -> 410000 | E12: =410000*(1+INDEX(GovChg,2)) -> 389500 | F12: =410000*(1+INDEX(GovChg,3)) -> 426400 | G12: =INDEX(D12:F12,ScenNo) -> 410000 | H12: =G12-C12 -> 846 | I12: =IF(C12=0,0,H12/ABS(C12)) -> 0.0020676811
A13: Program fees: workforce | B13: FY2026 projection plus fee growth | C13: 112012 | D13: =$C13*(1+INDEX(FeeG,1)) -> 117612.6 | E13: =$C13*(1+INDEX(FeeG,2)) -> 112012 | F13: =$C13*(1+INDEX(FeeG,3)) -> 123213.2 | G13: =INDEX(D13:F13,ScenNo) -> 117612.6 | H13: =G13-C13 -> 5600.6 | I13: =IF(C13=0,0,H13/ABS(C13)) -> 0.05
A14: Program fees: senior services | B14: FY2026 projection plus fee growth | C14: 190629 | D14: =$C14*(1+INDEX(FeeG,1)) -> 200160.45 | E14: =$C14*(1+INDEX(FeeG,2)) -> 190629 | F14: =$C14*(1+INDEX(FeeG,3)) -> 209691.9 | G14: =INDEX(D14:F14,ScenNo) -> 200160.45 | H14: =G14-C14 -> 9531.45 | I14: =IF(C14=0,0,H14/ABS(C14)) -> 0.05
A15: Spring Benefit, gross | B15: Event plan | C15: 268400 | D15: =INDEX(EventGross,1) -> 290000 | E15: =INDEX(EventGross,2) -> 255000 | F15: =INDEX(EventGross,3) -> 320000 | G15: =INDEX(D15:F15,ScenNo) -> 290000 | H15: =G15-C15 -> 21600 | I15: =IF(C15=0,0,H15/ABS(C15)) -> 0.0804769
A16: Less direct benefits to donors | B16: Percent of gross | C16: -86150 | D16: =-D15*INDEX(EventCost,1) -> -87000 | E16: =-E15*INDEX(EventCost,2) -> -81600 | F16: =-F15*INDEX(EventCost,3) -> -96000 | G16: =INDEX(D16:F16,ScenNo) -> -87000 | H16: =G16-C16 -> -850 | I16: =IF(C16=0,0,H16/ABS(C16)) -> -0.0098665119
A17: Investment return and other income | B17: Estimate | C17: 40112 | D17: =INDEX(InvOther,1) -> 44000 | E17: =INDEX(InvOther,2) -> 30000 | F17: =INDEX(InvOther,3) -> 48000 | G17: =INDEX(D17:F17,ScenNo) -> 44000 | H17: =G17-C17 -> 3888 | I17: =IF(C17=0,0,H17/ABS(C17)) -> 0.0969286
A18: Total revenue and support | C18: =SUM(C6:C17) -> 4153454 | D18: =SUM(D6:D17) -> 4265023.8 | E18: =SUM(E6:E17) -> 3969921.3 | F18: =SUM(F6:F17) -> 4465927.9 | G18: =SUM(G6:G17) -> 4265023.8 | H18: =SUM(H6:H17) -> 111569.78 | I18: =IF(C18=0,0,H18/ABS(C18)) -> 0.026861928
A20: FY2026 foundation grants include gifts released from donor restrictions during the year, so the FY2026 figure is comparable to the pipeline plus restricted gifts already received.

Sheet Monthly Spread
A1: FY2027 Budget by Month
A2: Annual amounts for the scenario shown, spread with the monthly patterns in the blue rows. Use this to set the monthly budget in QuickBooks. June is set so each pattern adds to 100 percent.
A3: Sample data. All names, organizations, and figures are fictional.
A5: Line | B5: Annual | C5: Jul | D5: Aug | E5: Sep | F5: Oct | G5: Nov | H5: Dec | I5: Jan | J5: Feb | K5: Mar | L5: Apr | M5: May | N5: Jun | O5: Pattern check
A6: Revenue and support
A7: Contributions: monthly pattern | C7: 0.06 | D7: 0.05 | E7: 0.06 | F7: 0.07 | G7: 0.11 | H7: 0.25 | I7: 0.06 | J7: 0.05 | K7: 0.1 | L7: 0.07 | M7: 0.06 | N7: =1-SUM(C7:M7) -> 0.06 | O7: =IF(ROUND(SUM(C7:N7),3)=1,"OK","Fix") -> OK
A8: Contributions | B8: =Revenue!G6+Revenue!G7 -> 936917.4 | C8: =$B8*C7 -> 56215.044 | D8: =$B8*D7 -> 46845.87 | E8: =$B8*E7 -> 56215.044 | F8: =$B8*F7 -> 65584.218 | G8: =$B8*G7 -> 103060.91 | H8: =$B8*H7 -> 234229.35 | I8: =$B8*I7 -> 56215.044 | J8: =$B8*J7 -> 46845.87 | ... N8: =$B8*N7 -> 56215.044
A9: Foundation and corporate grants: monthly pattern | C9: 0.0833 | D9: 0.0833 | E9: 0.0833 | F9: 0.0833 | G9: 0.0833 | H9: 0.0833 | I9: 0.0833 | J9: 0.0833 | K9: 0.0833 | L9: 0.0833 | M9: 0.0833 | N9: =1-SUM(C9:M9) -> 0.0837 | O9: =IF(ROUND(SUM(C9:N9),3)=1,"OK","Fix") -> OK
A10: Foundation and corporate grants | B10: =Revenue!G8+Revenue!G9 -> 653333.33 | C10: =$B10*C9 -> 54422.667 | D10: =$B10*D9 -> 54422.667 | E10: =$B10*E9 -> 54422.667 | F10: =$B10*F9 -> 54422.667 | G10: =$B10*G9 -> 54422.667 | H10: =$B10*H9 -> 54422.667 | I10: =$B10*I9 -> 54422.667 | J10: =$B10*J9 -> 54422.667 | ... N10: =$B10*N9 -> 54684
A11: Government grants: monthly pattern | C11: 0.0804 | D11: 0.0804 | E11: 0.0804 | F11: 0.0854 | G11: 0.0854 | H11: 0.0905 | I11: 0.0905 | J11: 0.0854 | K11: 0.0804 | L11: 0.0804 | M11: 0.0804 | N11: =1-SUM(C11:M11) -> 0.0804 | O11: =IF(ROUND(SUM(C11:N11),3)=1,"OK","Fix") -> OK
A12: Government grants | B12: =Revenue!G10+Revenue!G11+Revenue!G12 -> 2110000 | C12: =$B12*C11 -> 169644 | D12: =$B12*D11 -> 169644 | E12: =$B12*E11 -> 169644 | F12: =$B12*F11 -> 180194 | G12: =$B12*G11 -> 180194 | H12: =$B12*H11 -> 190955 | I12: =$B12*I11 -> 190955 | J12: =$B12*J11 -> 180194 | ... N12: =$B12*N11 -> 169644
A13: Program fees: monthly pattern | C13: 0.07 | D13: 0.12 | E13: 0.1 | F13: 0.09 | G13: 0.07 | H13: 0.05 | I13: 0.1 | J13: 0.09 | K13: 0.08 | L13: 0.08 | M13: 0.08 | N13: =1-SUM(C13:M13) -> 0.07 | O13: =IF(ROUND(SUM(C13:N13),3)=1,"OK","Fix") -> OK
A14: Program fees | B14: =Revenue!G13+Revenue!G14 -> 317773.05 | C14: =$B14*C13 -> 22244.113 | D14: =$B14*D13 -> 38132.766 | E14: =$B14*E13 -> 31777.305 | F14: =$B14*F13 -> 28599.574 | G14: =$B14*G13 -> 22244.113 | H14: =$B14*H13 -> 15888.653 | I14: =$B14*I13 -> 31777.305 | J14: =$B14*J13 -> 28599.574 | ... N14: =$B14*N13 -> 22244.113
A15: Spring Benefit, net: monthly pattern | C15: 0 | D15: 0 | E15: 0 | F15: 0 | G15: 0 | H15: 0 | I15: 0 | J15: 0 | K15: 1 | L15: 0 | M15: 0 | N15: =1-SUM(C15:M15) -> 0 | O15: =IF(ROUND(SUM(C15:N15),3)=1,"OK","Fix") -> OK
A16: Spring Benefit, net | B16: =Revenue!G15+Revenue!G16 -> 203000 | C16: =$B16*C15 -> 0 | D16: =$B16*D15 -> 0 | E16: =$B16*E15 -> 0 | F16: =$B16*F15 -> 0 | G16: =$B16*G15 -> 0 | H16: =$B16*H15 -> 0 | I16: =$B16*I15 -> 0 | J16: =$B16*J15 -> 0 | ... N16: =$B16*N15 -> 0
A17: Investment and other: monthly pattern | C17: 0.0833 | D17: 0.0833 | E17: 0.0833 | F17: 0.0833 | G17: 0.0833 | H17: 0.0833 | I17: 0.0833 | J17: 0.0833 | K17: 0.0833 | L17: 0.0833 | M17: 0.0833 | N17: =1-SUM(C17:M17) -> 0.0837 | O17: =IF(ROUND(SUM(C17:N17),3)=1,"OK","Fix") -> OK
A18: Investment and other | B18: =Revenue!G17 -> 44000 | C18: =$B18*C17 -> 3665.2 | D18: =$B18*D17 -> 3665.2 | E18: =$B18*E17 -> 3665.2 | F18: =$B18*F17 -> 3665.2 | G18: =$B18*G17 -> 3665.2 | H18: =$B18*H17 -> 3665.2 | I18: =$B18*I17 -> 3665.2 | J18: =$B18*J17 -> 3665.2 | ... N18: =$B18*N17 -> 3682.8
A19: Total revenue and support | B19: =B8+B10+B12+B14+B16+B18 -> 4265023.8 | C19: =C8+C10+C12+C14+C16+C18 -> 306191.02 | D19: =D8+D10+D12+D14+D16+D18 -> 312710.5 | E19: =E8+E10+E12+E14+E16+E18 -> 315724.22 | F19: =F8+F10+F12+F14+F16+F18 -> 332465.66 | G19: =G8+G10+G12+G14+G16+G18 -> 363586.89 | H19: =H8+H10+H12+H14+H16+H18 -> 499160.87 | I19: =I8+I10+I12+I14+I16+I18 -> 337035.22 | ... N19: =N8+N10+N12+N14+N16+N18 -> 306469.96
A21: Expenses
A22: Personnel: monthly pattern | C22: 0.0833 | D22: 0.0833 | E22: 0.0833 | F22: 0.0833 | G22: 0.0833 | H22: 0.0833 | I22: 0.0833 | J22: 0.0833 | K22: 0.0833 | L22: 0.0833 | M22: 0.0833 | N22: =1-SUM(C22:M22) -> 0.0837 | O22: =IF(ROUND(SUM(C22:N22),3)=1,"OK","Fix") -> OK
A23: Personnel | B23: =Personnel!N55 -> 2686688.3 | C23: =$B23*C22 -> 223801.13 | D23: =$B23*D22 -> 223801.13 | E23: =$B23*E22 -> 223801.13 | F23: =$B23*F22 -> 223801.13 | G23: =$B23*G22 -> 223801.13 | H23: =$B23*H22 -> 223801.13 | I23: =$B23*I22 -> 223801.13 | J23: =$B23*J22 -> 223801.13 | ... N23: =$B23*N22 -> 224875.81
A24: Non-personnel: monthly pattern | C24: 0.0804 | D24: 0.0804 | E24: 0.0804 | F24: 0.0854 | G24: 0.0854 | H24: 0.0905 | I24: 0.0905 | J24: 0.0854 | K24: 0.0804 | L24: 0.0804 | M24: 0.0804 | N24: =1-SUM(C24:M24) -> 0.0804 | O24: =IF(ROUND(SUM(C24:N24),3)=1,"OK","Fix") -> OK
A25: Non-personnel | B25: ='Non-Personnel'!L20 -> 1546105 | C25: =$B25*C24 -> 124306.84 | D25: =$B25*D24 -> 124306.84 | E25: =$B25*E24 -> 124306.84 | F25: =$B25*F24 -> 132037.37 | G25: =$B25*G24 -> 132037.37 | H25: =$B25*H24 -> 139922.5 | I25: =$B25*I24 -> 139922.5 | J25: =$B25*J24 -> 132037.37 | ... N25: =$B25*N24 -> 124306.84
A26: Total expenses | B26: =B23+B25 -> 4232793.3 | C26: =C23+C25 -> 348107.97 | D26: =D23+D25 -> 348107.97 | E26: =E23+E25 -> 348107.97 | F26: =F23+F25 -> 355838.5 | G26: =G23+G25 -> 355838.5 | H26: =H23+H25 -> 363723.64 | I26: =I23+I25 -> 363723.64 | ... N26: =N23+N25 -> 349182.65
A28: Surplus (deficit) for the month | B28: =B19-B26 -> 32230.515 | C28: =C19-C26 -> -41916.951 | D28: =D19-D26 -> -35397.472 | E28: =E19-E26 -> -32383.759 | F28: =F19-F26 -> -23372.841 | G28: =G19-G26 -> 7748.3944 | H28: =H19-H26 -> 135437.23 | I28: =I19-I26 -> -26688.42 | ... N28: =N19-N26 -> -42712.693
A29: Cumulative surplus (deficit) | C29: =C28 -> -41916.951 | D29: =C29+D28 -> -77314.423 | E29: =D29+E28 -> -109698.18 | F29: =E29+F28 -> -133071.02 | G29: =F29+G28 -> -125322.63 | H29: =G29+H28 -> 10114.606 | I29: =H29+I28 -> -16573.813 | J29: =I29+J28 -> -58685.002 | K29: =J29+K28 -> 143052.47 | ... N29: =M29+N28 -> 32230.515
